Workbook

Sheet Totals
A3: STATUS OF 2020 ALLOCATION PROGRAM AS OF - | C3: 42908
B5: =SUM(C5:I5) -> 1 | C5: 0.3225 | D5: 0.1 | E5: 0.02 | F5: 0.02625 | G5: 0.0525 | H5: 0.18375 | I5: 0.295
C6: SC 1 | D6: SC 2 | E6: SC 3 | F6: SC 4 | G6: SC 4 | H6: SC 4 | I6: SC 5 | J6: August 15th
B7: TOTAL | C7: MRB's | D7: State Voted | E7: IDBs | F7: TSAHC - MF | G7: TDHCA - MF | H7: Local HFC's MF | I7: All Other | J7: Collapse
A8: 2020 STATE CEILING | B8: =28995881*105 -> 3044567505 | C8: =ROUND(C5*$B$8,0)+1 -> 981873021 | D8: =ROUND(D5*$B$8,0) -> 304456751 | E8: =ROUND(E5*$B$8,0) -> 60891350 | F8: =ROUND(F5*$B$8,0) -> 79919897 | G8: =ROUND(G5*$B$8,0) -> 159839794 | H8: =ROUND(H5*$B$8,0) -> 559439279 | I8: =ROUND(I5*$B$8,0)-1 -> 898147413 | J8: ='Aug 15'!B1 -> 9.82595e+08
A10: ELIGIBLE REQUESTS TO DATE | B10: =SUM(C10:J10) -> 7.6782576e+09 | C10: ='SC1 MRB'!$H$20 -> 1611872267 | D10: =+'SC2 State Voted'!F9 -> 100000000 | E10: =+'SC3 Small Issue IDBs'!F11 -> 0 | F10: ='SC4 TSAHC'!F19 -> 153120000 | G10: =+'SC4 MF- TDHCA'!F29 -> 250800000 | H10: ='REGION 1'!F9+'REGION 2'!F8+'REGION 3'!F15+'REGION 4'!F8+'REGION 5'!F8+'REGION 6'!F16+'REGION 7'!F16+'REGION 9'!F14+'REGION 10'!F8+'REGION 11'!F8+'REGION 12'!F9+'REGION 13'!F8+'SC4 MF- Local Collapse'!F44 -> 9.9420765e+08 | I10: ='SC5 OTHER'!$F$76 -> 2280757648 | J10: ='Aug 15'!F50 -> 2287500000
A12: RESERVATIONS TO DATE | B12: =SUM(C12:J12) -> 7.3516326e+09 | C12: ='SC1 MRB'!$I$20 -> 1611872267 | D12: =+'SC2 State Voted'!G9 -> 100000000 | E12: =+'SC3 Small Issue IDBs'!G11 -> 0 | F12: ='SC4 TSAHC'!G19 -> 153120000 | G12: ='SC4 MF- TDHCA'!G29 -> 250800000 | H12: ='REGION 1'!G9+'REGION 2'!G8+'REGION 3'!G15+'REGION 4'!G8+'REGION 5'!G8+'REGION 6'!G16+'REGION 7'!G16+'REGION 8'!G8+'REGION 9'!G14+'REGION 10'!G8+'REGION 11'!G8+'REGION 12'!G9+'REGION 13'!G8+'SC4 MF- Local Collapse'!G44 -> 9.9420765e+08 | I12: ='SC5 OTHER'!$G$76 -> 2280757648 | J12: ='Aug 15'!I50 -> 1960875000
A14: CERTIFIED TO DATE | B14: =SUM(C14:J14) -> 5637073934 | C14: ='SC1 MRB'!L20 -> 1453571286 | D14: ='SC2 State Voted'!J9 -> 100000000 | E14: ='SC3 Small Issue IDBs'!J11 -> 0 | F14: ='SC4 TSAHC'!J19 -> 153120000 | G14: ='SC4 MF- TDHCA'!J29 -> 250800000 | H14: ='REGION 1'!J9+'REGION 2'!J8+'REGION 3'!J15+'REGION 4'!J8+'REGION 5'!J8+'REGION 6'!J16+'REGION 7'!J16+'REGION 8'!J8+'REGION 9'!J14+'REGION 10'!J8+'REGION 11'!J8+'REGION 12'!J9+'REGION 13'!J8+'SC4 MF- Local Collapse'!J44 -> 851950000 | I14: ='SC5 OTHER'!J76 -> 1847257648 | J14: ='Aug 15'!L50 -> 980375000
A16: ALLOCATIONS TO DATE | B16: =SUM(C16:J16) -> 1.1230898e+09 | C16: ='SC1 MRB'!$N$20 -> 0 | D16: =+'SC2 State Voted'!L9 -> 69990169 | E16: =+'SC3 Small Issue IDBs'!L11 -> 0 | F16: ='SC4 TSAHC'!L19 -> 9872000 | G16: =+'SC4 MF- TDHCA'!L29 -> 158800000 | H16: ='REGION 1'!L10+'REGION 2'!L8+'REGION 3'!L7+'REGION 4'!L8+'REGION 5'!L8+'REGION 6'!L16+'REGION 7'!L16+'REGION 8'!L8+'REGION 11'!L8+'REGION 12'!L9+'REGION 9'!L14+'REGION 10'!L8+'REGION 13'!L8+'SC4 MF- Local Collapse'!L44 -> 264964000 | I16: ='SC5 OTHER'!L76 -> 4.5276665e+08 | J16: ='Aug 15'!N50 -> 166697000
A18: RESERVATIONS RELEASED | B18: =SUM(C18:J18) -> 4.4030881e+09 | C18: ='SC1 MRB'!$O$20 -> 758300227 | D18: =+'SC2 State Voted'!M9 -> 30009831 | E18: =+'SC3 Small Issue IDBs'!M11 -> 0 | F18: ='SC4 TSAHC'!M19 -> 104748000 | G18: =+'SC4 MF- TDHCA'!M29 -> 92000000 | H18: ='REGION 1'!M9+'REGION 2'!M8+'REGION 3'!M15+'REGION 4'!M8+'REGION 5'!M8+'REGION 6'!M16+'REGION 7'!M16+'REGION 8'!M8+'REGION 9'!M14+'REGION 10'!M8+'REGION 11'!M8+'REGION 12'!M9+'REGION 13'!M8+'SC4 MF- Local Collapse'!M44 -> 6.2249365e+08 | I18: ='SC5 OTHER'!M76 -> 1.7212334e+09 | J18: ='Aug 15'!O50 -> 1074303000
A20: UNSATISFIED REQUESTS | B20: =SUM(C20:J20) -> 191625000 | C20: =+C10-C12 -> 0 | D20: =+D10-D12 -> 0 | E20: =+E10-E12 -> 0 | F20: =+F10-F12 -> 0 | G20: =+G10-G12 -> 0 | H20: =+H10-H12 -> 0 | I20: =+I10-I12 -> 0 | J20: ='Aug 15'!F52 -> 191625000
A22: AVAILABLE ALLOCATION 2020 | B22: ='Aug 15'!F59 -> 96023000 | C22: =+C8-C12+C18 -> 128300981 | D22: =+D8-D12+D18 -> 2.3446658e+08 | E22: =+E8-E12+E18 -> 60891350 | F22: =+F8-F12+F18+'SC4 TSAHC'!E27 -> 31547897 | G22: =+G8-G12+G18+'SC4 MF- TDHCA'!E39 -> 1039794 | H22: =+H8-H12+H18+'SC4 MF- Local Collapse'!E53 -> 187725279 | I22: =+I8-I12+I18+'SC5 OTHER'!E88 -> 3.3862312e+08 | J22: =J8-J12+J18+'Aug 15'!D59 -> 96023000
A24: CARRYFORWARD 2017 | B24: =SUM(C24:I24) -> 82005056 | C24: 0 | D24: 0 | E24: N/A | F24: 0 | G24: 0 | H24: ='2017 CF'!M12+'2017 CF'!M21 -> 52090308 | I24: ='2017 CF'!M26 -> 29914748
A25: CARRYFORWARD 2018 | B25: =SUM(C25:I25) -> 295907040 | C25: ='2018 CF'!M31 -> 108355040 | D25: ='2018 CF'!M37 -> 0 | E25: N/A | F25: ='2018 CF'!M44 -> 0 | G25: 0 | H25: ='2018 CF'!M14+'2018 CF'!M48-'2018 CF'!M44 -> 187552000 | I25: 0
A26: CARRYFORWARD 2019 | B26: =SUM(C26:I26) -> 8.374247e+08 | C26: ='2019 CF'!M40 -> 7.6128834e+08 | D26: 0 | E26: N/A | F26: ='2019 CF'!M47+'2019 CF'!M48+'2019 CF'!M49+'2019 CF'!M55 -> 0 | G26: ='2019 CF'!M45+'2019 CF'!M50+'2019 CF'!M54 -> 0 | H26: ='2019 CF'!M18+'2019 CF'!M65 -> 76136362 | I26: ='2019 CF'!M70 -> 0
B28: =SUM(B22:B26) -> 1.3113598e+09 | C28: =SUM(C22:C27) -> 9.9794436e+08 | D28: =SUM(D22:D27) -> 2.3446658e+08 | E28: =SUM(E22:E27) -> 60891350 | F28: =SUM(F22:F27) -> 31547897 | G28: =SUM(G22:G27) -> 1039794 | H28: =SUM(H22:H27) -> 5.0350395e+08 | I28: =SUM(I22:I27) -> 3.6853787e+08

Sheet 2020 CF
B1: 2020 TRADITIONAL CARRYFORWARD
A2: DOCKET# | B2: STATUS | C2: ISSUER | D2: PROJECT | E2: LOCATION | F2: REQUESTED | G2: DESIGNATED | H2: CONFIRMATION | I2: FEE | J2: CERTIFIED | L2: CLOSED | M2: CARRYFORWARD | N2: RELEASE/
A3: or | F3: AMOUNT | G3: AMOUNT | H3: DATE | I3: DEADLINE | J3: AMOUNT | K3: DEADLINE | L3: AMOUNT | M3: REMAINING | N3: UPDATE
A4: LOT # | N4: DATE
A5: Priority 5
A6: 20CF-009 | B6: CF | C6: Travis County HFC | D6: Meadow Apartments | E6: Austin | F6: 35000000 | G6: 35000000 | H6: 42738 | I6: 42753 | J6: =G6 -> 35000000 | K6: 43829 | M6: =J6 -> 35000000
A7: 20CF-011 | B7: CF | C7: Las Varas Public Facility Corporation | D7: St. John's Square Apartments | E7: San Antonio | F7: 50000000 | G7: 50000000 | H7: 42738 | I7: 42753 | J7: =G7 -> 50000000 | K7: 43829 | M7: =J7 -> 50000000
A8: 20CF-003 | B8: CF | C8: Strategic Housing HFC of Travis County | D8: Yager Flats | E8: Manor | F8: 45000000 | G8: =F24-85000000 -> 11023000 | H8: 42738 | I8: 42753 | J8: =G8 -> 11023000 | K8: 43829 | M8: =J8 -> 11023000
A9: 20CF-012 | B9: In-Line | C9: Austin HFC | D9: The Rebekah | E9: Austin | F9: 40000000
A10: 20CF-013 | B10: In-Line | C10: Victory Street PFC | D10: EADO 800 Lofts | E10: Houston | F10: 48000000
A12: Priority 6
A13: 20CF-001 | B13: In-Line | C13: Capital Area HFC | D13: Grand Avenue Flats | E13: Austin | F13: 45000000
A14: 20CF-004 | B14: In-Line | C14: Austin Affordable PFC, Inc | D14: Kingswood Apartments | E14: Austin | F14: 50000000
A15: 20CF-005 | B15: In-Line | C15: Austin Affordable PFC, Inc | D15: Ridge at East Village | E15: Austin | F15: 50000000
A16: 20CF-006 | B16: In-Line | C16: Travis County HFC | D16: The Residences at Howard Lane | E16: Austin | F16: 48000000
A17: 20CF-007 | B17: In-Line | C17: Capital Area HFC | D17: Espero Landing / Asperanza Heights | E17: Georgetown | F17: 50000000
A18: 20CF-008 | B18: In-Line | C18: Travis County HFC | D18: Capitol View Flats | E18: Austin | F18: 50000000
A19: 20CF-010 | B19: In-Line | C19: Travis County HFC | D19: Crystal Bend Apartments | E19: Pflugerville | F19: 50000000
F21: =SUM(F5:F19) -> 561000000 | G21: =SUM(G6:G19) -> 96023000 | L21: =SUM(L7:L13) -> 0
D24: Amount Available for Traditional Carryforward | F24: ='Aug 15'!F59 -> 96023000
B29: 2020 NON TRADITIONAL CARRYFORWARD
A30: DOCKET# | B30: STATUS | C30: ISSUER | D30: PROJECT | E30: LOCATION | F30: REQUESTED | G30: RESERVED | I30: 35-DAY | J30: CERTIFIED | L30: ALLOCATION | M30: CARRYFORWARD | N30: RELEASE/
A31: or | F31: AMOUNT | G31: AMOUNT | H31: DATE | I31: DEADLINE | J31: AMOUNT | K31: DEADLINE | L31: AMOUNT | M31: REMAINING | N31: UPDATE
A32: LOT # | M32: (NET) | N32: DATE
A33: SC 1
A34: 4638 | B34: CF | C34: TSAHC | D34: Single Family Bonds or MCCs | E34: Statewide | F34: 98187302 | G34: 98187302 | H34: 42584 | I34: =H34+35 -> 42619 | J34: 98187302 | K34: =H34+210 -> 42794 | M34: =J34-L34 -> 98187302
A35: 4641 | B35: CF | C35: Southeast Texas HFC | D35: 2021 MCC Program | E35: Multi-Counties | F35: 25000000 | G35: 25000000 | H35: 42588 | I35: =H35+35 -> 42623 | J35: 25000000 | K35: =H35+210 -> 42798 | M35: =J35-L35 -> 25000000
A36: 4642 | B36: CF | C36: TDHCA (assigned by Harris County HFC) | D36: Qualified Mortgage Bonds/ MCCs | E36: Statewide | F36: 51000000 | G36: 51000000 | H36: 42588 | I36: =H36+35 -> 42623 | J36: 51000000 | K36: =H36+210 -> 42798 | M36: =J36-L36 -> 51000000
A37: 4643 | B37: CF | C37: TDHCA | D37: Qualified Mortgage Bonds | E37: Statewide | F37: 115000000 | G37: 115000000 | H37: 42588 | I37: =H37+35 -> 42623 | J37: 115000000 | K37: =H37+210 -> 42798 | M37: =J37-L37 -> 115000000
A38: 4644 | B38: CF | C38: TDHCA | D38: Qualified Mortgage Bonds/MCCs | E38: Statewide | F38: 212356465 | G38: 212356465 | H38: 42588 | I38: =H38+35 -> 42623 | J38: 212356465 | K38: =H38+210 -> 42798 | M38: =J38-L38 -> 212356465
A39: 4645 | B39: CF | C39: TDHCA | D39: Qualified Mortgage Bonds/MCCs | E39: Statewide | F39: 556329254 | G39: 480329254 | H39: 42588 | I39: =H39+35 -> 42623 | J39: 352028273 | K39: =H39+210 -> 42798 | M39: =J39-L39 -> 352028273
J41: =SUM(J34:J40) -> 853572040 | L41: =SUM(L34:L40) -> 0 | M41: =SUM(M34:M40) -> 853572040
A44: Residential Rental
A45: 4633 | B45: CF | C45: Victory Street Public Facility Corporation | D45: 2100 Memorial Apartments | E45: Houston | F45: 35000000 | G45: 35000000 | H45: 42557 | I45: =H45+35 -> 42592 | J45: 35000000 | K45: =H45+180 -> 42737 | M45: =J45-L45 -> 35000000
A46: 4634 | B46: CF | C46: Trinity River PFC | D46: Cowan Place Apartments | E46: Fort Worth | F46: 20000000 | G46: 20000000 | H46: 42557 | I46: =H46+35 -> 42592 | J46: 20000000 | K46: =H46+180 -> 42737 | M46: =J46-L46 -> 20000000
A47: 4635 | B47: CF | C47: Travis County Housing Finance Corporation | D47: Old Manor Road Senior Apartments | E47: Austin | F47: 30000000 | G47: 30000000 | H47: 42563 | I47: =H47+35 -> 42598 | J47: 30000000 | K47: =H47+180 -> 42743 | M47: =J47-L47 -> 30000000
A48: 4646 | B48: CF | C48: TSAHC | D48: Pine Terrace Apartments | E48: Mount Pleasant | F48: 3300000 | G48: 3300000 | H48: 42598 | I48: =H48+35 -> 42633 | J48: 3300000 | K48: =H48+180 -> 42778 | M48: =J48-L48 -> 3300000
A49: 4647 | B49: CF | C49: TSAHC | D49: Trinity Oaks Apartments | E49: Sulphur Springs | F49: 2200000 | G49: 2200000 | H49: 42598 | I49: =H49+35 -> 42633 | J49: 2200000 | K49: =H49+180 -> 42778 | M49: =J49-L49 -> 2200000
A50: 4648 | B50: CF | C50: TSAHC | D50: Marshall Apartments | E50: Austin | F50: 16500000 | G50: 16500000 | H50: 42598 | I50: =H50+35 -> 42633 | J50: 16500000 | K50: =H50+180 -> 42778 | M50: =J50-L50 -> 16500000
A51: 4649 | B51: CF | C51: TSAHC | D51: Fawn Ridge Apartments | E51: The Woodlands | F51: 16500000 | G51: 16500000 | H51: 42598 | I51: =H51+35 -> 42633 | J51: 16500000 | K51: =H51+180 -> 42778 | M51: =J51-L51 -> 16500000
A52: 4650 | B52: CF | C52: Galveston Public Facility Corporation | D52: The Oleanders at Broadway | E52: Galveston | F52: 51757648 | G52: 51757648 | H52: 42598 | I52: =H52+35 -> 42633 | J52: 51757648 | K52: =H52+180 -> 42778 | M52: =J52-L52 -> 51757648
A53: 4651 | B53: CF | C53: Strategic Housing HFC of Travis County | D53: Wildhorse Flats Apartments | E53: Austin | F53: 50000000 | G53: 50000000 | H53: 42599 | I53: =H53+35 -> 42634 | J53: 50000000 | K53: =H53+180 -> 42779 | M53: =J53-L53 -> 50000000
A54: 4652 | B54: CF | C54: Rowlett Housing Finance Corporation | D54: Cypress Creek Apartment Homes | E54: Rowlett | F54: 35000000 | G54: 35000000 | H54: 42599 | I54: =H54+35 -> 42634 | J54: 35000000 | K54: =H54+180 -> 42779 | M54: =J54-L54 -> 35000000
A55: 4654 | B55: CF | C55: North Central Texas HFC | D55: Gala at Waxahachie | E55: Waxahachie | F55: 25000000 | G55: 25000000 | H55: 42599 | I55: =H55+35 -> 42634 | J55: 25000000 | K55: =H55+180 -> 42779 | M55: =J55-L55 -> 25000000
A56: 4657 | B56: CF | C56: City of Dallas Housing Finance Corporation | D56: The Ridge at Lancaster | E56: Dallas | F56: 50000000 | G56: 50000000 | H56: 42599 | I56: =H56+35 -> 42634 | J56: 50000000 | K56: =H56+180 -> 42779 | M56: =J56-L56 -> 50000000
... A74: 4685 | B74: CF | C74: Las Varas Public Facility Corporation | D74: Copernicus Apartments | E74: San Antonio | F74: 38000000 | G74: 38000000 | H74: 42676 | I74: =H74+35 -> 42711 | J74: 38000000 | K74: =H74+180 -> 42856 | M74: =J74-L74 -> 38000000
J76: =SUM(J45:J75) -> 851757648 | L76: =SUM(L45:L75) -> 0 | M76: =SUM(M45:M75) -> 851757648
A78: SC 5
A79: 4686 | B79: CF | C79: Brazos Higher Education Authority, Inc. | D79: Tax-Exempt Student Loan Program Revenue Bonds | E79: Statewide | F79: 100000000 | G79: 43375000 | H79: 42686 | I79: =H79+35 -> 42721 | J79: 43375000 | K79: =H79+210 -> 42896 | M79: =J79-L79 -> 43375000
J81: =SUM(J79:J80) -> 43375000 | L81: =SUM(L79:L80) -> 0 | M81: =SUM(M79:M80) -> 43375000
L87: =M81+M76+M41+F24 -> 1.8447277e+09

Sheet Aug 15
A1: 41865 | B1: ='SC1 MRB'!F26+'SC2 State Voted'!F13+'SC3 Small Issue IDBs'!F15+'SC4 TSAHC'!F23+'SC4 MF- TDHCA'!F33+'SC4 MF- Local Collapse'!F48+'SC5 OTHER'!F80 -> 9.82595e+08
A2: Collapse
A4: DOCKET# | B4: STATUS | F4: REQUESTED | G4: UTILIZATION | H4: ELIGIBLE | I4: RESERVED | J4: RESERVATION | K4: 35-DAY | L4: CERTIFIED | M4: CLOSING | N4: ALLOCATION | O4: RELEASED | P4: RELEASE/
A5: or | F5: AMOUNT | G5: PERCENTAGE | H5: AMOUNT | I5: AMOUNT | J5: DATE | K5: DEADLINE | L5: AMOUNT | M5: DEADLINE | N5: AMOUNT | O5: AMOUNT | P5: UPDATE
A6: LOT # | C6: ISSUER | D6: PROJECT | E6: LOCATION | P6: DATE
A7: 4651 | B7: CF | C7: Strategic Housing HFC of Travis County | D7: Wildhorse Flats Apartments | E7: Austin | F7: 50000000 | G7: N/A | H7: 50000000 | I7: 50000000 | J7: 42599 | K7: =J7+35 -> 42634 | L7: 50000000 | M7: =J7+180 -> 42779
A8: 4652 | B8: CF | C8: Rowlett Housing Finance Corporation | D8: Cypress Creek Apartment Homes | E8: Rowlett | F8: 35000000 | G8: N/A | H8: 35000000 | I8: 35000000 | J8: 42599 | K8: =J8+35 -> 42634 | L8: 35000000 | M8: =J8+180 -> 42779
A9: 4653 | B9: CLOSED | C9: Capital Area Housing Finance Corporation | D9: Redwood | E9: San Marcos | F9: 50000000 | G9: N/A | H9: 50000000 | I9: 50000000 | J9: 42599 | K9: =J9+35 -> 42634 | L9: 50000000 | M9: =J9+180 -> 42779 | N9: 35797000 | O9: =I9-N9 -> 14203000 | P9: 42725
A10: 4654 | B10: CF | C10: North Central Texas HFC | D10: Gala at Waxahachie | E10: Waxahachie | F10: 25000000 | G10: N/A | H10: 25000000 | I10: 25000000 | J10: 42599 | K10: =J10+35 -> 42634 | L10: 25000000 | M10: =J10+180 -> 42779
A11: 4655 | B11: WITHDRAWN | C11: San Antonio Housing Trust Finance Corporation | D11: Cattleman Square Lofts Apartments | E11: San Antonio | F11: 15000000 | G11: N/A | H11: 15000000 | I11: 15000000 | J11: 42599 | K11: =J11+35 -> 42634 | L11: 15000000 | M11: =J11+180 -> 42779 | N11: 0 | O11: =I11-N11 -> 15000000 | P11: 42661
A12: 4656 | B12: WITHDRAWN | C12: Travis County Housing Finance Corporation | D12: Springdale Manor | E12: Austin | F12: 20000000 | G12: N/A | H12: 20000000 | I12: 20000000 | J12: 42599 | K12: =J12+35 -> 42634 | L12: 16500000 | M12: =J12+180 -> 42779 | N12: 0 | O12: =I12-N12 -> 20000000 | P12: 42689
A13: 4657 | B13: CF | C13: City of Dallas Housing Finance Corporation | D13: The Ridge at Lancaster | E13: Dallas | F13: 50000000 | G13: N/A | H13: 50000000 | I13: 50000000 | J13: 42599 | K13: =J13+35 -> 42634 | L13: 50000000 | M13: =J13+180 -> 42779
A14: 4658 | B14: CLOSED | C14: City of Dallas Housing Finance Corporation | D14: Ridgecrest Terrace Apartments | E14: Dallas | F14: 40000000 | G14: N/A | H14: 40000000 | I14: 40000000 | J14: 42599 | K14: =J14+35 -> 42634 | L14: 40000000 | M14: =J14+180 -> 42779 | N14: 22600000 | O14: =I14-N14 -> 17400000 | P14: 42721 | Q14: 2019 CF
A15: 4659 | B15: CF | C15: Strategic Housing HFC of Travis County | D15: Austin Manor Apts (Phase II) | E15: Austin | F15: 10000000 | G15: N/A | H15: 10000000 | I15: 10000000 | J15: 42599 | K15: =J15+35 -> 42634 | L15: 10000000 | M15: =J15+180 -> 42779
A16: 4660 | B16: CLOSED | C16: TDHCA | D16: Legacy Riverside Senior Living Community | E16: Fort Worth | F16: 40000000 | G16: N/A | H16: 40000000 | I16: 40000000 | J16: 42606 | K16: =J16+35 -> 42641 | L16: 40000000 | M16: =J16+180 -> 42786 | N16: 40000000 | O16: =I16-N16 -> 0 | P16: 42725
A17: 4661 | B17: RESERVED | C17: Travis County Housing Finance Corporation | D17: Montopolis Apartments | E17: Austin | F17: 39000000 | G17: N/A | H17: 39000000 | I17: 39000000 | J17: 42606 | K17: =J17+35 -> 42641 | L17: 39000000 | M17: =J17+180 -> 42786 | N17: 39000000 | O17: =I17-N17 -> 0 | P17: 42732
A18: 4662 | B18: CF | C18: TDHCA | D18: The Terrace at Southern Oaks Apts | E18: Dallas | F18: 45000000 | G18: N/A | H18: 45000000 | I18: 45000000 | J18: 42609 | K18: =J18+35 -> 42644 | L18: 45000000 | M18: =J18+180 -> 42789
A19: 4663 | B19: CLOSED | C19: Denton County Housing Finance Corporation | D19: EMLI at Pecan Creek Apartments | E19: Aubrey | F19: 30000000 | G19: N/A | H19: 30000000 | I19: 30000000 | J19: 42609 | K19: =J19+35 -> 42644 | L19: 30000000 | M19: =J19+180 -> 42789 | N19: 7300000 | O19: =I19-N19 -> 22700000 | P19: 42693
A20: 4664 | B20: CF | C20: Odessa Housing Finance Corporation | D20: Cove in Odessa Apt | E20: Odessa | F20: 30000000 | G20: N/A | H20: 30000000 | I20: 30000000 | J20: 42613 | K20: =J20+35 -> 42648 | L20: 30000000 | M20: =J20+180 -> 42793
A21: 4665 | B21: CF | C21: Capital Area Housing Finance Corporation | D21: Legacy Senior Residences | E21: Round Rock | F21: 30000000 | G21: N/A | H21: 30000000 | I21: 30000000 | J21: 42616 | K21: =J21+35 -> 42651 | L21: 30000000 | M21: =J21+180 -> 42796
A22: 4666 | B22: CF | C22: TDHCA | D22: Murdeaux Villas | E22: Dallas | F22: 35000000 | G22: N/A | H22: 35000000 | I22: 35000000 | J22: 42628 | K22: =J22+35 -> 42663 | L22: 35000000 | M22: =J22+180 -> 42808
A23: 4667 | B23: CF | C23: TDHCA | D23: The Montage Apts | E23: San Antonio | F23: 35000000 | G23: N/A | H23: 35000000 | I23: 35000000 | J23: 42628 | K23: =J23+35 -> 42663 | L23: 35000000 | M23: =J23+180 -> 42808
A24: 4668 | B24: WITHDRAWN | C24: Capital Area Housing Finance Corporation | D24: Merritt Headwaters | E24: Dripping Springs | F24: 28000000 | G24: N/A | H24: 28000000 | I24: 28000000 | J24: 42628 | K24: =J24+35 -> 42663 | L24: 0 | M24: =J24+180 -> 42808 | N24: 0 | O24: =I24-N24 -> 28000000 | P24: 42656
A25: 4669 | B25: CF | C25: Bexar County Housing Finance Corporation | D25: Applewood Ranch Apartments | E25: San Antonio | F25: 35000000 | G25: N/A | H25: 35000000 | I25: 35000000 | J25: 42628 | K25: =J25+35 -> 42663 | L25: 35000000 | M25: =J25+180 -> 42808
A26: 4670 | B26: CF | C26: TDHCA | D26: Oso Bay Apartments | E26: Corpus Christi | F26: 14000000 | G26: N/A | H26: 14000000 | I26: 14000000 | J26: 42628 | K26: =J26+35 -> 42663 | L26: 14000000 | M26: =J26+180 -> 42808
A27: 4671 | B27: CLOSED | C27: Angelina and Neches River Authority IDC | D27: Jefferson Enterprise Energy, LLC Sewage and Solid Waste Disposal Facilities | E27: Lufkin | F27: 100000000 | G27: N/A | H27: 100000000 | I27: 100000000 | J27: 42633 | K27: =J27+35 -> 42668 | L27: 30000000 | M27: =J27+150 -> 42783 | N27: 22000000 | O27: =I27-N27 -> 78000000 | P27: 42732
A28: 4672 | B28: CF | C28: Austin Housing Finance Corporation | D28: City Heights | E28: Austin | F28: 22000000 | G28: N/A | H28: 22000000 | I28: 22000000 | J28: 42658 | K28: =J28+35 -> 42693 | L28: 22000000 | M28: =J28+180 -> 42838
A29: 4673 | B29: CF | C29: Hidalgo Housing Development Corporation | D29: Progreso Heights Apartments | E29: Progreso | F29: 14000000 | G29: N/A | H29: 14000000 | I29: 14000000 | J29: 42658 | K29: =J29+35 -> 42693 | L29: 14000000 | M29: =J29+180 -> 42838
A30: 4674 | B30: CF | C30: TDHCA | D30: Cedar Ridge Apartments | E30: Leander | F30: 18000000 | G30: N/A | H30: 18000000 | I30: 18000000 | J30: 42658 | K30: =J30+35 -> 42693 | L30: 18000000 | M30: =J30+180 -> 42838
A31: 4675 | B31: CF | C31: TDHCA | D31: Shiloh Village Apartments | E31: Dallas | F31: 25000000 | G31: N/A | H31: 25000000 | I31: 25000000 | J31: 42658 | K31: =J31+35 -> 42693 | L31: 25000000 | M31: =J31+180 -> 42838
A32: 4676 | B32: CF | C32: TDHCA | D32: Pleasant Hill Apartments | E32: Austin | F32: 20000000 | G32: N/A | H32: 20000000 | I32: 20000000 | J32: 42658 | K32: =J32+35 -> 42693 | L32: 20000000 | M32: =J32+180 -> 42838
A33: 4677 | B33: WITHDRAWN | C33: San Antonio Housing Trust Finance Corporation | D33: Country Club Village Apts | E33: San Antonio | F33: 30000000 | G33: N/A | H33: 30000000 | I33: 30000000 | J33: 42658 | K33: =J33+35 -> 42693 | L33: 0 | M33: =J33+180 -> 42838 | N33: 0 | O33: =I33-N33 -> 30000000 | P33: 42675
A34: 4678 | B34: CF | C34: San Antonio Housing Trust Finance Corporation | D34: Echo East Apartments | E34: San Antonio | F34: 20000000 | G34: N/A | H34: 20000000 | I34: 20000000 | J34: 42658 | K34: =J34+35 -> 42693 | L34: 20000000 | M34: =J34+180 -> 42838
A35: 4679 | B35: WITHDRAWN | C35: Victory Street Public Facility Corporation | D35: Historic Oaks of Allen Parkway Village | E35: Houston | F35: 29000000 | G35: N/A | H35: 29000000 | I35: 29000000 | J35: 42658 | K35: =J35+35 -> 42693 | L35: 0 | M35: =J35+180 -> 42838 | N35: 0 | O35: =I35-N35 -> 29000000 | P35: 42661
A36: 20-154 | B36: WITHDRAWN | C36: Victory Street Public Facility Corporation | D36: Allen Parkway Village Apartments | E36: Houston | F36: 35000000 | G36: N/A
A37: 4680 | B37: WITHDRAWN | C37: Austin Housing Finance Corporation | D37: Espero Austin at Rutland | E37: Austin | F37: 20000000 | G37: N/A | H37: 20000000 | I37: 20000000 | J37: 42662 | K37: =J37+35 -> 42697 | L37: 0 | M37: =J37+180 -> 42842 | N37: 0 | O37: =I37-N37 -> 20000000 | P37: 42671
A38: 4681 | B38: CF | C38: TSAHC | D38: Sandpiper Cove Apartments | E38: Galveston | F38: 37500000 | G38: N/A | H38: 37500000 | I38: 37500000 | J38: 42662 | K38: =J38+35 -> 42697 | L38: 37500000 | M38: =J38+180 -> 42842
A39: 4682 | B39: CF | C39: Bexar Management and Development Corporation | D39: Kallison Ranch Apartments | E39: San Antonio | F39: 50000000 | G39: N/A | H39: 50000000 | I39: 50000000 | J39: 42664 | K39: =J39+35 -> 42699 | L39: 50000000 | M39: =J39+180 -> 42844
A40: 20-162 | B40: WITHDRAWN | C40: Travis County Housing Finance Corporation | D40: Enclave on Ross Apartments | E40: Del Valle | F40: 40000000 | G40: N/A
A41: 4684 | B41: CF | C41: Las Varas Public Facility Corporation | D41: Watson Road Apartments | E41: San Antonio | F41: 38000000 | G41: N/A | H41: 38000000 | I41: 38000000 | J41: 42672 | K41: =J41+35 -> 42707 | L41: 38000000 | M41: =J41+180 -> 42852
A42: 4685 | B42: CF | C42: Las Varas Public Facility Corporation | D42: Copernicus Apartments | E42: San Antonio | F42: 38000000 | G42: N/A | H42: 38000000 | I42: 38000000 | J42: 42676 | K42: =J42+35 -> 42711 | L42: 38000000 | M42: =J42+180 -> 42856
A43: 4686 | B43: CF | C43: Brazos Higher Education Authority, Inc. | D43: Tax-Exempt Student Loan Program Revenue Bonds | E43: Statewide | F43: 100000000 | G43: N/A | H43: 100000000 | I43: 43375000 | J43: 42686 | K43: =J43+35 -> 42721 | L43: 43375000 | M43: =J43+210 -> 42896
A44: 20-166 | B44: WITHDRAWN | C44: Las Varas Public Facility Corporation | D44: St. John's Square Apartments | E44: San Antonio | F44: 60000000 | G44: N/A
A45: 20-167 | B45: In-Line | C45: TDHCA | D45: Copperwood Apartments | E45: The Woodlands | F45: 60000000 | G45: N/A | H45: 60000000
A46: 20-168 | B46: In-Line | C46: TDHCA | D46: Tamarac Pines Apartments | E46: The Woodlands | F46: 60000000 | G46: N/A | H46: 60000000
A47: 4683 | B47: CLOSED | C47: TDHCA | D47: Qualified Mortgage Bonds | E47: Statewide | F47: 800000000 | G47: N/A | H47: 800000000 | I47: 800000000 | J47: 42664 | K47: =J47+35 -> 42699 | L47: 0 | M47: =J47+210 -> 42874 | N47: 0 | O47: =I47-N47 -> 800000000 | P47: 42683 | Q47: 2019 CF
A48: 20-170 | B48: In-Line | C48: TSAHC | D48: W. Leo Daniels Towers | E48: Houston | F48: 15000000 | G48: N/A | H48: 15000000
E50: TOTALS | F50: =SUM(F7:F49) -> 2287500000 | H50: =SUM(H7:H49) -> 2152500000 | I50: =SUM(I7:I49) -> 1960875000 | L50: =SUM(L7:L49) -> 980375000 | N50: =SUM(N7:N49) -> 166697000 | O50: =SUM(O7:O49) -> 1074303000
E52: In-Line | F52: =H50-I50 -> 191625000
E59: Amount Available | F59: =B1-I50+O50+D59 -> 96023000
F60: Any amount returned after 11/15/2020 will go towards 2020 Traditional Carryforward Applications

Sheet SC1 MRB
A1: SUBCEILING #1 | C1: =Totals!C8 -> 981873021
A2: MORTGAGE REVENUE BONDS
J3: TSHAC - total - 10% | K3: =C1*0.1 -> 98187302
J4: TDHCA - 33.34% | K4: =C1*0.3334 -> 3.2735647e+08
A6: DOCKET# | B6: STATUS | C6: ISSUER | D6: PROJECT | E6: LOCATION | F6: REQUESTED | G6: UTILIZATION | H6: ELIGIBLE | I6: RESERVED | J6: RESERVATION | K6: 35-DAY | L6: CERTIFIED | M6: 210-DAY | N6: ALLOCATION | O6: RELEASED | P6: RELEASE/
A7: or | F7: AMOUNT | G7: PERCENTAGE | H7: AMOUNT | I7: AMOUNT | J7: DATE | K7: DEADLINE | L7: AMOUNT | M7: DEADLINE | N7: AMOUNT | O7: AMOUNT | P7: UPDATE
A8: LOT # | P8: DATE
A9: 4541 | B9: WITHDRAWN | C9: Harris County Housing Finance Corporation | D9: Mortgage Revenue Bonds/ MCCs | E9: Harris County | F9: 30000000 | G9: 1 | H9: 30000000 | I9: 30000000 | J9: 42371 | K9: =J9+35 -> 42406 | L9: 0 | M9: =J9+210 -> 42581 | N9: 0 | O9: =I9-N9 -> 30000000 | P9: 42404
A10: 4566 | B10: CLOSED | C10: TDHCA | D10: Qualified Mortgage Bonds | E10: Statewide | F10: 400000000 | G10: N/A | H10: 400000000 | I10: 400000000 | J10: 42390 | K10: =J10+35 -> 42425 | L10: 400000000 | M10: =J10+210 -> 42600 | N10: 0 | O10: =I10-N10 -> 400000000 | P10: 42411 | Q10: 2018 & 2019 CF
A11: 4611 | B11: CLOSED | C11: TDHCA | D11: Qualified Mortgage Bonds | E11: Statewide | F11: 185000000 | G11: N/A | H11: 185000000 | I11: 185000000 | J11: 42497 | K11: =J11+35 -> 42532 | L11: 185000000 | M11: =J11+210 -> 42707 | N11: 0 | O11: =I11-N11 -> 185000000 | P11: 42559 | Q11: 2019 CF
A12: 4637 | B12: CLOSED | C12: Garland Housing Finance Corporation | D12: 2020 MCC Program | E12: Garland | F12: 14999246 | G12: N/A | H12: 14999246 | I12: 14999246 | J12: 42580 | K12: =J12+35 -> 42615 | L12: 14999246 | M12: =J12+210 -> 42790 | N12: 0 | O12: =I12-N12 -> 14999246 | P12: 42584 | Q12: 2018 CF
A13: 4638 | B13: CF | C13: TSAHC | D13: Single Family Bonds or MCCs | E13: Statewide | F13: 98187302 | G13: N/A | H13: 98187302 | I13: 98187302 | J13: 42584 | K13: =J13+35 -> 42619 | L13: 98187302 | M13: =J13+210 -> 42794
A14: 4641 | B14: CF | C14: Southeast Texas HFC | D14: 2021 MCC Program | E14: Multi-Counties | F14: 25000000 | G14: N/A | H14: 25000000 | I14: 25000000 | J14: 42588 | K14: =J14+35 -> 42623 | L14: 25000000 | M14: =J14+210 -> 42798
A15: 4642 | B15: CF | C15: TDHCA (assigned by Harris County HFC) | D15: Qualified Mortgage Bonds/ MCCs | E15: Statewide | F15: 51000000 | G15: N/A | H15: 51000000 | I15: 51000000 | J15: 42588 | K15: =J15+35 -> 42623 | L15: 51000000 | M15: =J15+210 -> 42798
A16: 4643 | B16: CF | C16: TDHCA | D16: Qualified Mortgage Bonds | E16: Statewide | F16: 115000000 | G16: N/A | H16: 115000000 | I16: 115000000 | J16: 42588 | K16: =J16+35 -> 42623 | L16: 115000000 | M16: =J16+210 -> 42798
A17: 4644 | B17: CF | C17: TDHCA | D17: Qualified Mortgage Bonds/MCCs | E17: Statewide | F17: 212356465 | G17: N/A | H17: 212356465 | I17: 212356465 | J17: 42588 | K17: =J17+35 -> 42623 | L17: 212356465 | M17: =J17+210 -> 42798
A18: 4645 | B18: CF | C18: TDHCA | D18: Qualified Mortgage Bonds/MCCs | E18: Statewide | F18: 556329254 | G18: N/A | H18: 480329254 | I18: 480329254 | J18: 42588 | K18: =J18+35 -> 42623 | L18: 352028273 | M18: =J18+210 -> 42798 | O18: =H18-L18 -> 128300981 | P18: 42623
C20: TOTALS | F20: =SUM(F9:F19) -> 1687872267 | H20: =SUM(H9:H19) -> 1611872267 | I20: =SUM(I9:I19) -> 1611872267 | L20: =SUM(L9:L19) -> 1453571286 | N20: =SUM(N9:N19) -> 0 | O20: =SUM(O9:O19) -> 758300227
C22: In-Line | F22: =H20-I20 -> 0
C26: Available | F26: =C1-I20+O20+E30 -> 128300981 | G26: Any available amount after 8/15 is reflected on the Aug 15 Tab

Sheet SC2 State Voted
A1: SUBCEILING #2 | C1: =Totals!D8 -> 304456751
A2: STATE VOTED ISSUES
A4: DOCKET# | B4: STATUS | C4: ISSUER | D4: PROJECT | E4: LOCATION | F4: REQUESTED | G4: RESERVED | H4: RESERVATION | I4: 35-DAY | J4: CERTIFIED | K4: 210-DAY | L4: ALLOCATION | M4: RELEASED | N4: RELEASE/
A5: or | F5: AMOUNT | G5: AMOUNT | H5: DATE | I5: DEADLINE | J5: AMOUNT | K5: DEADLINE | L5: AMOUNT | M5: AMOUNT | N5: UPDATE
A6: LOT # | N6: DATE
A7: 4559 | B7: CLOSED | C7: Texas Higher Education Coordinating Board | D7: State of Texas College Student Loan Bonds | E7: Statewide | F7: 100000000 | G7: 100000000 | H7: 42381 | I7: =H7+35 -> 42416 | J7: 100000000 | K7: =H7+210 -> 42591 | L7: 69990169 | M7: =J7-L7 -> 30009831 | N7: 42556 | O7: 2018 CF
C9: TOTALS | F9: =SUM(F7:F8) -> 100000000 | G9: =SUM(G7:G8) -> 100000000 | J9: =SUM(J7:J8) -> 100000000 | L9: =SUM(L7:L8) -> 69990169 | M9: =SUM(M7:M8) -> 30009831
C11: In-Line | F11: =SUM(F9-G9) -> 0
C13: Available | F13: =C1-G9+M9+E16 -> 2.3446658e+08 | G13: Any available amount after 8/15 is reflected on the Aug 15 Tab

Sheet SC3 Small Issue IDBs
A1: SUBCEILING #3 | C1: =Totals!E8 -> 60891350
A2: QUALIFIED SMALL ISSUE
A4: DOCKET# | B4: STATUS | F4: REQUESTED | G4: RESERVED | H4: RESERVATION | I4: 35-DAY | J4: CERTIFIED | K4: 150-DAY | L4: ALLOCATION | M4: RELEASED | N4: RELEASE/
A5: or | F5: AMOUNT | G5: AMOUNT | H5: DATE | I5: DEADLINE | J5: AMOUNT | K5: DEADLINE | L5: AMOUNT | M5: AMOUNT | N5: UPDATE
A6: LOT # | C6: ISSUER | D6: PROJECT | E6: LOCATION | N6: DATE
C11: TOTALS | F11: =SUM(F7:F10) -> 0 | G11: =SUM(G7:G10) -> 0 | J11: =SUM(J7:J10) -> 0 | L11: =SUM(L7:L10) -> 0 | M11: =SUM(M7:M10) -> 0
C13: In-Line | F13: =F11-G11 -> 0
C15: Available | F15: =+C1-G11+M11 -> 60891350 | G15: Any available amount after 8/15 is reflected on the Aug 15 Tab

Sheet SC4 TSAHC
A1: SUBCEILING #4 | C1: =Totals!F8 -> 79919897
A2: RESIDENTIAL RENTAL PROJECTS
A4: DOCKET# | B4: STATUS | C4: ISSUER | D4: PROJECT | E4: LOCATION | F4: REQUESTED | G4: RESERVED | H4: RESERVATION | I4: 35-DAY | J4: CERTIFIED | K4: 180-DAY | L4: ALLOCATION | M4: RELEASED | N4: RELEASE/
A5: or | F5: AMOUNT | G5: AMOUNT | H5: DATE | I5: DEADLINE | J5: AMOUNT | K5: DEADLINE | L5: AMOUNT | M5: AMOUNT | N5: UPDATE
A6: LOT# | N6: DATE
A7: 4561 | B7: CLOSED | C7: TSAHC | D7: Hamilton Valley Rural Development Portfolio (22 properties) | E7: Scattered Site | F7: 39120000 | G7: 39120000 | H7: 42381 | I7: =H7+35 -> 42416 | J7: 39120000 | K7: =H7+180 -> 42561 | L7: 0 | M7: 39120000 | N7: 42550 | O7: 2019 CF
A8: 4564 | B8: CLOSED | C8: TSAHC | D8: Ventura at Fairgrounds | E8: Midland | F8: 40000000 | G8: 40000000 | H8: 42390 | I8: =H8+35 -> 42425 | J8: 40000000 | K8: =H8+180 -> 42570 | L8: 0 | M8: =J8-L8 -> 40000000 | N8: 42532 | O8: 2018 CF | P8: 2019 CF
A9: 4597 | B9: WITHDRAWN | C9: TSAHC | D9: East Texas Seniors - Trinity Oaks Apartments Phase I & II | E9: Sulphur Springs | F9: 2129000 | G9: 2129000 | H9: 42452 | I9: =H9+35 -> 42487 | J9: 2129000 | K9: =H9+180 -> 42632 | M9: =J9-L9 -> 2129000 | N9: 42591
A10: 4598 | B10: WITHDRAWN | C10: TSAHC | D10: East Texas Seniors - Pine Terrace Apartments Phase I & II | E10: Mount Pleasant | F10: 3371000 | G10: 3371000 | H10: 42452 | I10: =H10+35 -> 42487 | J10: 3371000 | K10: =H10+180 -> 42632 | M10: =J10-L10 -> 3371000 | N10: 42591
A11: 4615 | B11: CLOSED | C11: TSAHC | D11: Shady Oaks Manor Apts | E11: Fort Worth | F11: 15000000 | G11: 15000000 | H11: 42516 | I11: =H11+35 -> 42551 | J11: 15000000 | K11: =H11+180 -> 42696 | L11: 9872000 | M11: =J11-L11 -> 5128000 | N11: 42657 | O11: 2019 CF
A12: 4623 | B12: WITHDRAWN | C12: TSAHC | D12: W. Leo Daniels Towers | E12: Houston | F12: 15000000 | G12: 15000000 | H12: 42531 | I12: =H12+35 -> 42566 | J12: 15000000 | K12: =H12+180 -> 42711 | M12: =J12-L12 -> 15000000 | N12: 42679
A13: 4646 | B13: CF | C13: TSAHC | D13: Pine Terrace Apartments | E13: Mount Pleasant | F13: 3300000 | G13: 3300000 | H13: 42598 | I13: =H13+35 -> 42633 | J13: 3300000 | K13: =H13+180 -> 42778
A14: 4647 | B14: CF | C14: TSAHC | D14: Trinity Oaks Apartments | E14: Sulphur Springs | F14: 2200000 | G14: 2200000 | H14: 42598 | I14: =H14+35 -> 42633 | J14: 2200000 | K14: =H14+180 -> 42778
A15: 4648 | B15: CF | C15: TSAHC | D15: Marshall Apartments | E15: Austin | F15: 16500000 | G15: 16500000 | H15: 42598 | I15: =H15+35 -> 42633 | J15: 16500000 | K15: =H15+180 -> 42778
A16: 4649 | B16: CF | C16: TSAHC | D16: Fawn Ridge Apartments | E16: The Woodlands | F16: 16500000 | G16: 16500000 | H16: 42598 | I16: =H16+35 -> 42633 | J16: 16500000 | K16: =H16+180 -> 42778
A17: 20-160 | B17: In-Line | C17: TSAHC | D17: Sandpiper Cove Apartments | E17: Galveston
F19: =SUM(F7:F18) -> 153120000 | G19: =SUM(G7:G18) -> 153120000 | J19: =SUM(J7:J18) -> 153120000 | L19: =SUM(L7:L18) -> 9872000 | M19: =SUM(M7:M18) -> 104748000
C21: In-Line | F21: =SUM(F19-G19) -> 0
D23: Available | F23: =C1-G19+M19+E26 -> 31547897 | G23: Any available amount after 8/15 is reflected on the Aug 15 Tab

Sheet SC4 MF- TDHCA
A1: SUBCEILING #4 | C1: =Totals!G8 -> 159839794
A2: RESIDENTIAL RENTAL PROJECTS
A4: DOCKET# | B4: STATUS | C4: ISSUER | D4: PROJECT | E4: LOCATION | F4: REQUESTED | G4: RESERVED | H4: RESERVATION | I4: 35-DAY | J4: CERTIFIED | K4: 180-DAY | L4: ALLOCATION | M4: RELEASED | N4: RELEASE/
A5: or | F5: AMOUNT | G5: AMOUNT | H5: DATE | I5: DEADLINE | J5: AMOUNT | K5: DEADLINE | L5: AMOUNT | M5: AMOUNT | N5: UPDATE
A6: LOT# | N6: DATE
A7: 4565 | B7: WITHDRAWN | C7: TDHCA | D7: FishPond at Corpus Christi | E7: Corpus Christi | F7: 10000000 | G7: 10000000 | H7: 42390 | I7: =H7+35 -> 42425 | J7: 10000000 | K7: =H7+180 -> 42570 | L7: 0 | M7: =J7-L7 -> 10000000 | N7: 42507
A8: 4578 | B8: WITHDRAWN | C8: TDHCA | D8: Oaks on Clark Apartments | E8: San Antonio | F8: 12000000 | G8: 12000000 | H8: 42419 | I8: =H8+35 -> 42454 | J8: 12000000 | K8: =H8+180 -> 42599 | L8: 0 | M8: =J8-L8 -> 12000000 | N8: 42462
A9: 4581 | B9: CLOSED | C9: TDHCA | D9: The Reserves at San Marcos | E9: San Marcos | F9: 41000000 | G9: 41000000 | H9: 42424 | I9: =H9+35 -> 42459 | J9: 41000000 | K9: =H9+180 -> 42604 | L9: 0 | M9: =J9-L9 -> 41000000 | N9: 42538 | O9: 2019 CF
A10: 4594 | B10: CLOSED | C10: TDHCA | D10: The Walzem Apartments | E10: San Antonio | F10: 20000000 | G10: 20000000 | H10: 42440 | I10: =H10+35 -> 42475 | J10: 20000000 | K10: =H10+180 -> 42620 | L10: 20000000 | M10: =J10-L10 -> 0 | N10: 42560
A11: 4595 | B11: CLOSED | C11: TDHCA | D11: Vermillion Apartments | E11: Houston | F11: 29000000 | G11: 29000000 | H11: 42445 | I11: =H11+35 -> 42480 | J11: 29000000 | K11: =H11+180 -> 42625 | L11: 28000000 | M11: =J11-L11 -> 1000000 | N11: 42620
A12: 4599 | B12: CLOSED | C12: TDHCA | D12: Pecan Grove Apartments | E12: Sequin | F12: 26000000 | G12: 26000000 | H12: 42462 | I12: =H12+35 -> 42497 | J12: 26000000 | K12: =H12+180 -> 42642 | L12: 26000000 | M12: =J12-L12 -> 0 | N12: 42608
A13: 4603 | B13: CLOSED | C13: TDHCA | D13: Oaks on Clark Apartments | E13: San Antonio | F13: 10000000 | G13: 10000000 | H13: 42467 | I13: =H13+35 -> 42502 | J13: 10000000 | K13: =H13+180 -> 42647 | L13: 0 | M13: =J13-L13 -> 10000000 | N13: 42510 | O13: 2019 CF
A14: 4604 | B14: CLOSED | C14: TDHCA | D14: Granada Terrace Apartments | E14: South Houston | F14: 16000000 | G14: 16000000 | H14: 42474 | I14: =H14+35 -> 42509 | J14: 16000000 | K14: =H14+180 -> 42654 | L14: 16000000 | M14: =J14-L14 -> 0 | N14: 42649
A15: 4608 | B15: CLOSED | C15: TDHCA | D15: Scott Street Lofts | E15: Houston | F15: 18000000 | G15: 18000000 | H15: 42496 | I15: =H15+35 -> 42531 | J15: 18000000 | K15: =H15+180 -> 42676 | L15: 18000000 | M15: =J15-L15 -> 0 | N15: 42560
A16: 4609 | B16: CLOSED | C16: TDHCA | D16: 333 Holly | E16: The Woodlands | F16: 36800000 | G16: 36800000 | H16: 42496 | I16: =H16+35 -> 42531 | J16: 36800000 | K16: =H16+180 -> 42676 | L16: 18800000 | M16: =J16-L16 -> 18000000 | N16: 42545 | O16: 2019 CF
A17: 4610 | B17: CLOSED | C17: TDHCA | D17: The Pines Apartments | E17: The Woodlands | F17: 22000000 | G17: 22000000 | H17: 42497 | I17: =H17+35 -> 42532 | J17: 22000000 | K17: =H17+180 -> 42677 | L17: 22000000 | M17: =J17-L17 -> 0 | N17: 42545
A18: 4612 | B18: CLOSED | C18: TDHCA | D18: FishPond at Corpus Christi | E18: Corpus Christi | F18: 10000000 | G18: 10000000 | H18: 42509 | I18: =H18+35 -> 42544 | J18: 10000000 | K18: =H18+180 -> 42689 | L18: 10000000 | M18: =J18-L18 -> 0 | N18: 42678
A19: 20-116 | B19: In-Line | C19: TDHCA | D19: Legacy Riverside Senior Living Community | E19: Fort Worth
A20: 20-118 | B20: In-Line | C20: TDHCA | D20: The Terrace at Southern Oaks Apts | E20: Dallas
A21: 20-129 | B21: In-Line | C21: TDHCA | D21: Murdeaux Villas | E21: Dallas
A22: 20-130 | B22: In-Line | C22: TDHCA | D22: The Montage Apts | E22: San Antonio
A23: 20-137 | B23: In-Line | C23: TDHCA | D23: Oso Bay Apartments | E23: Corpus Christi
A24: 20-148 | B24: In-Line | C24: TDHCA | D24: Cedar Ridge Apartments | E24: Leander
A25: 20-149 | B25: In-Line | C25: TDHCA | D25: Shiloh Village Apartments | E25: Dallas
A26: 20-150 | B26: In-Line | C26: TDHCA | D26: Pleasant Hill Apartments | E26: Austin
C29: TOTALS | F29: =SUM(F7:F28) -> 250800000 | G29: =SUM(G7:G28) -> 250800000 | J29: =SUM(J7:J28) -> 250800000 | L29: =SUM(L7:L28) -> 158800000 | M29: =SUM(M7:M28) -> 92000000
C31: In-Line | F31: =F29-G29 -> 0
C33: Available | F33: =+C1-G29+M29 -> 1039794 | G33: Any available amount after 8/15 is reflected on the Aug 15 Tab

Sheet SC4 MF- Local Collapse
A1: SUBCEILING #4 | C1: ='REGION 1'!F13+'REGION 2'!F12+'REGION 3'!F20+'REGION 4'!F12+'REGION 5'!F12+'REGION 6'!F20+'REGION 7'!F20+'REGION 8'!F12+'REGION 9'!F18+'REGION 10'!F12+'REGION 11'!F12+'REGION 12'!F13+'REGION 13'!F12 -> 416975279
A2: March 1 Local Collapse
A4: DOCKET# | B4: STATUS | C4: ISSUER | D4: PROJECT | E4: LOCATION | F4: REQUESTED | G4: RESERVED | H4: RESERVATION | I4: 35-DAY | J4: CERTIFIED | K4: 180-DAY | L4: ALLOCATION | M4: RELEASED | N4: RELEASE/
A5: or | F5: AMOUNT | G5: AMOUNT | H5: DATE | I5: DEADLINE | J5: AMOUNT | K5: DEADLINE | L5: AMOUNT | M5: AMOUNT | N5: UPDATE
A6: PRIORITY 1
A7: 4585 | B7: CLOSED | C7: Travis County Housing Finance Corporation | D7: Cascades at Onion Creek | E7: Austin | F7: 35000000 | G7: 35000000 | H7: 42431 | I7: =H7+35 -> 42466 | J7: 35000000 | K7: =H7+180 -> 42611 | L7: 30000000 | M7: =G7-L7 -> 5000000 | N7: 42595
A8: 4586 | B8: CLOSED | C8: Travis County Housing Finance Corporation | D8: Spring Villas Apartments | E8: Austin | F8: 45000000 | G8: 45000000 | H8: 42431 | I8: =H8+35 -> 42466 | J8: 45000000 | K8: =H8+180 -> 42611 | L8: 45000000 | M8: =G8-L8 -> 0 | N8: 42608
A9: 4587 | B9: WITHDRAWN | C9: Capital Area Housing Finance Corporation | D9: Redwood | E9: San Marcos | F9: 50000000 | G9: 50000000 | H9: 42431 | I9: =H9+35 -> 42466 | J9: 50000000 | K9: =H9+180 -> 42611 | L9: 0 | M9: =G9-L9 -> 50000000 | N9: 42481
A10: 4588 | B10: WITHDRAWN | C10: The Southeast Texas Housing Finance Corporation | D10: The Monarch at Bay Prairie | E10: Bay City | F10: 15000000 | G10: 15000000 | H10: 42431 | I10: =H10+35 -> 42466 | K10: =H10+180 -> 42611 | L10: 0 | M10: =G10-L10 -> 15000000 | N10: 42433
A11: 4589 | B11: CLOSED | C11: Capital Area Housing Finance Corporation | D11: Legacy Senior Residences | E11: Round Rock | F11: 20000000 | G11: 20000000 | H11: 42431 | I11: =H11+35 -> 42466 | J11: 20000000 | K11: =H11+180 -> 42611 | L11: 0 | M11: =G11-L11 -> 20000000 | N11: 42608
A12: 4590 | B12: CLOSED | C12: San Antonio Housing Trust Finance Corporation | D12: Greenline North Apartments | E12: San Antonio | F12: 50000000 | G12: 50000000 | H12: 42431 | I12: =H12+35 -> 42466 | J12: 50000000 | K12: =H12+180 -> 42611 | L12: 31000000 | M12: =G12-L12 -> 19000000 | N12: 42608
A13: 4591 | B13: WITHDRAWN | C13: San Antonio Housing Trust Finance Corporation | D13: Preserve at the Port Apartments | E13: San Antonio | F13: 37000000 | G13: 37000000 | H13: 42431 | I13: =H13+35 -> 42466 | J13: 37000000 | K13: =H13+180 -> 42611 | M13: =G13-L13 -> 37000000 | N13: 42607
A14: 4592 | B14: CLOSED | C14: Harris County Housing Finance Corporation | D14: Pinewood Apartments | E14: Houston | F14: 30000000 | G14: 30000000 | H14: 42431 | I14: =H14+35 -> 42466 | J14: 30000000 | K14: =H14+180 -> 42611 | L14: 30000000 | M14: =G14-L14 -> 0 | N14: 42608
A15: 4600 | B15: WITHDRAWN | C15: Travis County Housing Finance Corporation | D15: Agave East Apartments | E15: Del Valle | F15: 35000000 | G15: 35000000 | H15: 42467 | I15: =H15+35 -> 42502 | J15: 34000000 | K15: =H15+180 -> 42647 | M15: =G15-L15 -> 35000000 | N15: 42616
A16: 4601 | B16: CLOSED | C16: Odessa Housing Finance Corporation | D16: Vera at Odessa Apartments | E16: Odessa | F16: 35000000 | G16: 35000000 | H16: 42467 | I16: =H16+35 -> 42502 | J16: 35000000 | K16: =H16+180 -> 42647 | L16: 33000000 | M16: =G16-L16 -> 2000000 | N16: 42643
A17: 4602 | B17: WITHDRAWN | C17: San Antonio Housing Trust Finance Corporation | D17: Echo East Apartments | E17: San Antonio | F17: 20000000 | G17: 20000000 | H17: 42467 | I17: =H17+35 -> 42502 | J17: 20000000 | K17: =H17+180 -> 42647 | L17: 0 | M17: =G17-L17 -> 20000000 | N17: 42588
A18: 4606 | B18: CLOSED | C18: San Antonio Housing Trust Finance Corporation | D18: Northview Apartments | E18: San Antonio | F18: 25000000 | G18: 25000000 | H18: 42482 | I18: =H18+35 -> 42517 | J18: 25000000 | K18: =H18+180 -> 42662 | L18: 21250000 | M18: =J18-L18 -> 3750000 | N18: 42655
A19: 4628 | B19: WITHDRAWN | C19: The Cameron County Housing Finance Corporation | D19: Sunland Country Apartments | E19: Harlingen | F19: 20000000 | G19: 20000000 | H19: 42552 | I19: =H19+35 -> 42587 | J19: 16000000 | K19: =H19+180 -> 42732 | M19: =G19-L19 -> 20000000 | N19: 42689
A20: 4629 | B20: CLOSED | C20: Houston Housing Finance Corporation | D20: Avenue on 34th Apartments | E20: Houston | F20: 12000000 | G20: 12000000 | H20: 42552 | I20: =H20+35 -> 42587 | J20: 12000000 | K20: =H20+180 -> 42732 | L20: 9000000 | M20: =G20-L20 -> 3000000 | N20: 42648
A21: 4635 | B21: CF | C21: Travis County Housing Finance Corporation | D21: Old Manor Road Senior Apartments | E21: Austin | F21: 30000000 | G21: 30000000 | H21: 42563 | I21: =H21+35 -> 42598 | J21: 30000000 | K21: =H21+180 -> 42743
A22: 20-087 | B22: In-Line | C22: Strategic Housing HFC of Travis County | D22: Wildhorse Flats Apartments | E22: Austin
A23: 4607 | B23: WITHDRAWN | C23: Capital Area Housing Finance Corporation | D23: Champions Crossing Apartments | E23: San Marcos | F23: 17500000 | G23: 17500000 | H23: 42482 | I23: =H23+35 -> 42517 | J23: 0 | K23: =H23+180 -> 42662 | L23: 0 | M23: =G23-L23 -> 17500000 | N23: 42515
A24: 20-094 | B24: In-Line | C24: Rowlett Housing Finance Corporation | D24: Cypress Creek Apartment Homes | E24: Rowlett
A25: 20-100 | B25: In-Line | C25: Capital Area Housing Finance Corporation | D25: Redwood | E25: San Marcos
A26: 20-105 | B26: In-Line | C26: North Central Texas HFC | D26: Gala at Waxahachie | E26: Waxahachie
A27: 20-107 | B27: In-Line | C27: San Antonio Housing Trust Finance Corporation | D27: Cattleman Square Lofts Apartments | E27: San Antonio
A28: 20-109 | B28: In-Line | C28: Travis County Housing Finance Corporation | D28: Springdale Manor | E28: Austin
A29: 20-111 | B29: In-Line | C29: City of Dallas Housing Finance Corporation | D29: The Ridge at Lancaster | E29: Dallas
A30: 20-112 | B30: In-Line | C30: City of Dallas Housing Finance Corporation | D30: Ridgecrest Terrace Apartments | E30: Dallas
A31: 20-114 | B31: In-Line | C31: Strategic Housing HFC of Travis County | D31: Austin Manor Apts (Phase II) | E31: Austin
A32: 20-117 | B32: In-Line | C32: Travis County Housing Finance Corporation | D32: Montopolis Apartments | E32: Austin
A33: 20-123 | B33: In-Line | C33: Denton County Housing Finance Corporation | D33: EMLI at Pecan Creek Apartments | E33: Aubrey
A34: 20-127 | B34: In-Line | C34: Odessa Housing Finance Corporation | D34: Cove in Odessa Apt | E34: Odessa
A35: 20-128 | B35: In-Line | C35: Capital Area Housing Finance Corporation | D35: Legacy Senior Residences | E35: Round Rock
... A42: 20-162 | B42: In-Line | C42: Travis County Housing Finance Corporation | D42: Enclave on Ross Apartments | E42: Del Valle
D44: TOTALS | F44: =SUM(F7:F43) -> 476500000 | G44: =SUM(G7:G43) -> 476500000 | J44: =SUM(J7:J43) -> 439000000 | L44: =SUM(L7:L43) -> 199250000 | M44: =SUM(M7:M43) -> 247250000
D46: In-Line | F46: =F44-G44 -> 0
D48: Available | F48: =+C1-G44+M44+E53 -> 187725279 | G48: Any available amount after 8/15 is reflected on the Aug 15 Tab
E53: =SUM(E50:E52) -> 0
F54: Total CF Used

Sheet REGION 1
A1: SUBCEILING #4 | C1: 20923029
A2: REGION 1
A4: DOCKET# | B4: STATUS | C4: ISSUER | D4: PROJECT | E4: LOCATION | F4: REQUESTED | G4: RESERVED | H4: RESERVATION | I4: 35-DAY | J4: CERTIFIED | K4: 180-DAY | L4: ALLOCATION | M4: RELEASED | N4: RELEASE/
A5: or | F5: AMOUNT | G5: AMOUNT | H5: DATE | I5: DEADLINE | J5: AMOUNT | K5: DEADLINE | L5: AMOUNT | M5: AMOUNT | N5: UPDATE
A6: PRIORITY 1
A7: 4582 | B7: CLOSED | C7: Panhandle Regional HFC | D7: Blue Water Gardens Apts | E7: Hereford | F7: 16750000 | G7: 16750000 | H7: 42426 | I7: =H7+35 -> 42461 | J7: 16750000 | K7: =H7+180 -> 42606 | L7: 13000000 | M7: =J7-L7 -> 3750000 | N7: 42606
D9: TOTALS | F9: =SUM(F7:F8) -> 16750000 | G9: =SUM(G7:G8) -> 16750000 | J9: =SUM(J7:J8) -> 16750000 | L9: =SUM(L7:L8) -> 13000000 | M9: =SUM(M7:M8) -> 3750000
D11: In-Line | F11: 0
D13: Available | F13: =+C1-G9+M9 -> 7923029 | G13: Any available amount after 8/15 is reflected on the Aug 15 Tab

Sheet REGION 2
A1: SUBCEILING #4 | C1: 14713253
A2: REGION 2
A4: DOCKET# | B4: STATUS | C4: ISSUER | D4: PROJECT | E4: LOCATION | F4: REQUESTED | G4: RESERVED | H4: RESERVATION | I4: 35-DAY | J4: CERTIFIED | K4: 180-DAY | L4: ALLOCATION | M4: RELEASED | N4: RELEASE/
A5: or | F5: AMOUNT | G5: AMOUNT | H5: DATE | I5: DEADLINE | J5: AMOUNT | K5: DEADLINE | L5: AMOUNT | M5: AMOUNT | N5: UPDATE
A6: PRIORITY 1
D8: TOTALS | F8: =SUM(F7:F7) -> 0 | G8: =SUM(G7:G7) -> 0 | J8: =SUM(J7:J7) -> 0 | L8: =SUM(L7:L7) -> 0 | M8: =SUM(M7:M7) -> 0
D10: In-Line | F10: 0
D12: Available | F12: =+C1-G8+M8 -> 14713253 | G12: Any available amount after 8/15 is reflected on the Aug 15 Tab

Sheet REGION 3
A1: SUBCEILING #4 | C1: 1.4724442e+08
A2: REGION 3
A4: DOCKET# | B4: STATUS | C4: ISSUER | D4: PROJECT | E4: LOCATION | F4: REQUESTED | G4: RESERVED | H4: RESERVATION | I4: 35-DAY | J4: CERTIFIED | K4: 180-DAY | L4: ALLOCATION | M4: RELEASED | N4: RELEASE/
A5: or | F5: AMOUNT | G5: AMOUNT | H5: DATE | I5: DEADLINE | J5: AMOUNT | K5: DEADLINE | L5: AMOUNT | M5: AMOUNT | N5: UPDATE
A6: PRIORITY 1
A7: 4536 | B7: WITHDRAWN | C7: North Central Texas Housing Finance Corporation | D7: Gala at Fate | E7: Fate | F7: 25000000 | G7: 25000000 | H7: 42370 | I7: =H7+35 -> 42405 | J7: 25000000 | K7: =H7+180 -> 42550 | M7: =J7-L7 -> 25000000 | N7: 42427
A8: 4548 | B8: CLOSED | C8: McKinney Housing Finance Corporation | D8: McKinney Flats | E8: McKinney | F8: 32000000 | G8: 32000000 | H8: 42371 | I8: =H8+35 -> 42406 | J8: 32000000 | K8: =H8+180 -> 42551 | L8: 28750000 | M8: =J8-L8 -> 3250000 | N8: 42550
A9: 4554 | B9: CANCELLED | C9: Rowlett Housing Finance Corporation | D9: Residences at Merritt Hill | E9: Rowlett | F9: 33000000 | G9: 33000000 | H9: 42374 | I9: =H9+35 -> 42409 | J9: 33000000 | K9: =H9+180 -> 42554 | M9: =J9-L9 -> 33000000 | N9: 42554
A10: 4572 | B10: WITHDRAWN | C10: Denton County Housing Finance Corporation | D10: EMLI at Pecan Creek Apartments | E10: Aubrey | F10: 20000000 | G10: 20000000 | H10: 42406 | I10: =H10+35 -> 42441 | J10: 20000000 | K10: =H10+180 -> 42586 | M10: =J10-L10 -> 20000000 | N10: 42546
A11: 4573 | B11: CLOSED | C11: McKinney Housing Finance Corporation | D11: Kinwood Apartments | E11: McKinney | F11: 30000000 | G11: 30000000 | H11: 42406 | I11: =H11+35 -> 42441 | J11: 30000000 | K11: =H11+180 -> 42586 | L11: 30000000 | M11: =J11-L11 -> 0 | N11: 42584
A12: 4584 | B12: CLOSED | C12: North Central Texas Housing Finance Corporation | D12: Gala at Fate | E12: Fate | F12: 25000000 | G12: 25000000 | H12: 42431 | I12: =H12+35 -> 42466 | J12: 25000000 | K12: =H12+180 -> 42611 | L12: 5000000 | M12: =J12-L12 -> 20000000 | N12: 42587 | O12: 2018 CF
D15: TOTALS | F15: =SUM(F7:F14) -> 165000000 | G15: =SUM(G7:G14) -> 165000000 | J15: =SUM(J7:J14) -> 165000000 | L15: =SUM(L7:L14) -> 63750000 | M15: =SUM(M7:M14) -> 101250000
D17: In-Line | F17: =F15-G15 -> 0
D20: Available | F20: =+C1-G15+M15+E24 -> 83494418 | G20: Any available amount after 8/15 is reflected on the Aug 15 Tab

Sheet REGION 4
A1: SUBCEILING #4 | C1: 27244693
A2: REGION 4
A4: DOCKET# | N4: RELEASE/
A5: or | B5: STATUS | C5: ISSUER | D5: PROJECT | E5: LOCATION | F5: REQUESTED | G5: RESERVED | H5: RESERVATION | I5: 35-DAY | J5: CERTIFIED | K5: 180-DAY | L5: ALLOCATION | M5: RELEASED | N5: UPDATE
A6: LOT# | F6: AMOUNT | G6: AMOUNT | H6: DATE | I6: DEADLINE | J6: AMOUNT | K6: DEADLINE | L6: AMOUNT | M6: AMOUNT | N6: DATE
D8: TOTALS | F8: =SUM(F7:F7) -> 0 | G8: =SUM(G7:G7) -> 0 | J8: =SUM(J7:J7) -> 0 | L8: =SUM(L7:L7) -> 0 | M8: =SUM(M7:M7) -> 0
D10: In-Line | F10: =SUM(F8-G8) -> 0
D12: Available | F12: =+C1-G8+M8 -> 27244693 | G12: Any available amount after 8/15 is reflected on the Aug 15 Tab

Sheet REGION 5
A1: SUBCEILING #4 | C1: 19916038
A2: REGION 5
A4: DOCKET# | N4: RELEASE/
A5: or | B5: STATUS | C5: ISSUER | D5: PROJECT | E5: LOCATION | F5: REQUESTED | G5: RESERVED | H5: RESERVATION | I5: 35-DAY | J5: CERTIFIED | K5: 180-DAY | L5: ALLOCATION | M5: RELEASED | N5: UPDATE
A6: LOT# | F6: AMOUNT | G6: AMOUNT | H6: DATE | I6: DEADLINE | J6: AMOUNT | K6: DEADLINE | L6: AMOUNT | M6: AMOUNT | N6: DATE
D8: TOTALS | F8: =SUM(F7:F7) -> 0 | G8: =SUM(G7:G7) -> 0 | J8: =SUM(J7:J7) -> 0 | L8: =SUM(L7:L7) -> 0 | M8: =SUM(M7:M7) -> 0
D10: In-Line | F10: =SUM(F8-G8) -> 0
D12: Available | F12: =+C1-G8+M8 -> 19916038 | G12: Any available amount after 8/15 is reflected on the Aug 15 Tab

Sheet REGION 6
A1: SUBCEILING #4 | C1: 1.3023746e+08
A2: REGION 6
A4: DOCKET# | B4: STATUS | C4: ISSUER | D4: PROJECT | E4: LOCATION | F4: REQUESTED | G4: RESERVED | H4: RESERVATION | I4: 35-DAY | J4: CERTIFIED | K4: 180-DAY | L4: ALLOCATION | M4: RELEASED | N4: RELEASE/
A5: or | F5: AMOUNT | G5: AMOUNT | H5: DATE | I5: DEADLINE | J5: AMOUNT | K5: DEADLINE | L5: AMOUNT | M5: AMOUNT | N5: UPDATE
A6: LOT# | N6: DATE
A7: 4531 | B7: WITHDRAWN | C7: Houston Housing Finance Corporation | D7: The St. Joe Apartments | E7: Houston | F7: 51757648 | G7: 51757648 | H7: 42370 | I7: =H7+35 -> 42405 | K7: =H7+180 -> 42550 | M7: =G7-L7 -> 51757648 | N7: 42404
A8: 4535 | B8: CLOSED | C8: Houston Housing Finance Corporation | D8: New Hope Housing Avenue J Apartments | E8: Houston | F8: 23000000 | G8: 23000000 | H8: 42370 | I8: =H8+35 -> 42405 | J8: 23000000 | K8: =H8+180 -> 42550 | L8: 18500000 | M8: =G8-L8 -> 4500000 | N8: 42545
A9: 4542 | B9: WITHDRAWN | C9: Houston Housing Finance Corporation | D9: Avenue on 34th Apartments | E9: Houston | F9: 8000000 | G9: 8000000 | H9: 42371 | I9: =H9+35 -> 42406 | K9: =H9+180 -> 42551 | M9: =G9-L9 -> 8000000 | N9: 42404
A10: 4570 | B10: WITHDRAWN | C10: Montgomery County Housing Finance Corporation | D10: 333 Holly | E10: The Woodlands | F10: 50000000 | G10: 50000000 | H10: 42404 | I10: =H10+35 -> 42439 | J10: 50000000 | K10: =H10+180 -> 42584 | M10: =G10-L10 -> 50000000 | N10: 42467
A11: 4571 | B11: WITHDRAWN | C11: Montgomery County Housing Finance Corporation | D11: The Pines | E11: The Woodlands | F11: 30000000 | G11: 30000000 | H11: 42404 | I11: =H11+35 -> 42439 | J11: 30000000 | K11: =H11+180 -> 42584 | M11: =G11-L11 -> 30000000 | N11: 42467
A12: 4577 | B12: CLOSED | C12: Harris County Housing Finance Corporation | D12: Enclave at Lake Pointe Apartments | E12: Houston | F12: 14200000 | G12: 14200000 | H12: 42411 | I12: =H12+35 -> 42446 | J12: 14200000 | K12: =H12+180 -> 42591 | L12: 14200000 | M12: =G12-L12 -> 0 | N12: 42592
A13: 20-041 | B13: In-Line | C13: The Southeast Texas Housing Finance Corporation | D13: The Monarch at Bay Prairie | E13: Bay City
A14: 20-064 | B14: In-Line | C14: Harris County Housing Finance Corporation | D14: Pinewood Apartments | E14: Houston
D16: TOTALS | F16: =SUM(F7:F15) -> 1.7695765e+08 | G16: =SUM(G7:G15) -> 1.7695765e+08 | J16: =SUM(J7:J15) -> 117200000 | L16: =SUM(L7:L15) -> 32700000 | M16: =SUM(M7:M15) -> 1.4425765e+08
D18: In-Line | F18: =F16-G16 -> 0
D20: Available | F20: =+C1-G16+M16 -> 97537464 | G20: Any available amount after 8/15 is reflected on the Aug 15 Tab

Sheet REGION 7
A1: SUBCEILING #4 | C1: 36139777
A2: REGION 7
A4: DOCKET# | N4: RELEASE/
A5: or | B5: STATUS | C5: ISSUER | D5: PROJECT | E5: LOCATION | F5: REQUESTED | G5: RESERVED | H5: RESERVATION | I5: 35-DAY | J5: CERTIFIED | K5: 180-DAY | L5: ALLOCATION | M5: RELEASED | N5: UPDATE
A6: LOT# | F6: AMOUNT | G6: AMOUNT | H6: DATE | I6: DEADLINE | J6: AMOUNT | K6: DEADLINE | L6: AMOUNT | M6: AMOUNT | N6: DATE
A7: 4539 | B7: CLOSED | C7: Austin Housing Finance Corporation | D7: Vi Collina | E7: Austin | F7: 24000000 | G7: 24000000 | H7: 42370 | I7: =H7+35 -> 42405 | J7: 24000000 | K7: =H7+180 -> 42550 | L7: 7314000 | M7: =J7-L7 -> 16686000 | N7: 42545 | O7: 2017 & 2018 CF
A8: 4562 | B8: CANCELLED | C8: Capital Area Housing Finance Corporation | D8: Grand Avenue Flats | E8: Austin | F8: 45000000 | G8: 45000000 | H8: 42382 | I8: =H8+35 -> 42417 | K8: =H8+180 -> 42562 | M8: =G8-L8 -> 45000000 | N8: 42418
A9: 20-033 | B9: In-Line | C9: Travis County Housing Finance Corporation | D9: Cascades at Onion Creek | E9: Austin
A10: 4583 | B10: CLOSED | C10: Capital Area Housing Finance Corporation | D10: Riverstone | E10: San Marcos | F10: 50000000 | G10: 50000000 | H10: 42426 | I10: =H10+35 -> 42461 | J10: 50000000 | K10: =H10+180 -> 42606 | M10: =J10-L10 -> 50000000 | N10: 42530
A11: 20-038 | B11: In-Line | C11: Travis County Housing Finance Corporation | D11: Spring Villas Apartments | E11: Austin
A12: 20-039 | B12: In-Line | C12: Capital Area Housing Finance Corporation | D12: Redwood | E12: San Marcos
A13: 20-045 | B13: In-Line | C13: Capital Area Housing Finance Corporation | D13: Legacy Senior Residences | E13: Round Rock
A14: 20-066 | B14: In-Line | C14: Travis County Housing Finance Corporation | D14: Agave East Apartments | E14: Del Valle
D16: TOTALS | F16: =SUM(F7:F15) -> 119000000 | G16: =SUM(G7:G15) -> 119000000 | J16: =SUM(J7:J15) -> 74000000 | L16: =SUM(L7:L15) -> 7314000 | M16: =SUM(M7:M15) -> 111686000
D18: In-Line | F18: =F16-G16 -> 0
D20: Available | F20: =+C1-G16+M16+E23 -> 28825777 | G20: Any available amount after 8/15 is reflected on the Aug 15 Tab

Sheet REGION 8
A1: SUBCEILING #4 | C1: 25846095
A2: REGION 8
A4: DOCKET# | B4: STATUS | C4: ISSUER | D4: PROJECT | E4: LOCATION | F4: REQUESTED | G4: RESERVED | H4: RESERVATION | I4: 35-DAY | J4: CERTIFIED | K4: 180-DAY | L4: ALLOCATION | M4: RELEASED | N4: RELEASE/
A5: or | F5: AMOUNT | G5: AMOUNT | H5: DATE | I5: DEADLINE | J5: AMOUNT | K5: DEADLINE | L5: AMOUNT | M5: AMOUNT | N5: UPDATE
A6: LOT# | N6: DATE
D8: TOTALS | F8: =SUM(F7:F7) -> 0 | G8: =SUM(G7:G7) -> 0 | J8: =SUM(J7:J7) -> 0 | L8: =SUM(L7:L7) -> 0 | M8: =SUM(M7:M7) -> 0
D10: In-Line | F10: 0
D12: Available | F12: =SUM(C1-G8+M8) -> 25846095 | G12: Any available amount after 8/15 is reflected on the Aug 15 Tab

Sheet REGION 9
A1: SUBCEILING #4 | C1: 48503385
A2: REGION 9
A4: DOCKET# | B4: STATUS | C4: ISSUER | D4: PROJECT | E4: LOCATION | F4: REQUESTED | G4: RESERVED | H4: RESERVATION | I4: 35-DAY | J4: CERTIFIED | K4: 180-DAY | L4: ALLOCATION | M4: RELEASED | N4: RELEASE/
A5: or | F5: AMOUNT | G5: AMOUNT | H5: DATE | I5: DEADLINE | J5: AMOUNT | K5: DEADLINE | L5: AMOUNT | M5: AMOUNT | N5: UPDATE
A6: LOT# | N6: DATE
A7: 4552 | B7: CLOSED | C7: San Antonio Housing Trust Finance Corporation | D7: Artisan at Parkdale Apartments | E7: San Antonio | F7: 25000000 | G7: 25000000 | H7: 42374 | I7: =H7+35 -> 42409 | J7: 25000000 | K7: =H7+180 -> 42554 | L7: 18000000 | M7: =J7-L7 -> 7000000 | N7: 42544
A8: 4560 | B8: CLOSED | C8: San Antonio Housing Trust Finance Corporation | D8: Pan American Apartments | E8: San Antonio | F8: 15000000 | G8: 15000000 | H8: 42381 | I8: =H8+35 -> 42416 | J8: 15000000 | K8: =H8+180 -> 42561 | L8: 7700000 | M8: =J8-L8 -> 7300000 | N8: 42542 | O8: 2018CF
A9: 20-051 | B9: In-Line | C9: San Antonio Housing Trust Finance Corporation | D9: Greenline North Apartments | E9: San Antonio
A10: 20-061 | B10: In-Line | C10: San Antonio Housing Trust Finance Corporation | D10: Preserve at the Port Apartments | E10: San Antonio
A11: 20-073 | B11: In-Line | C11: San Antonio Housing Trust Finance Corporation | D11: Echo East Apartments | E11: San Antonio
A12: 20-074 | B12: In-Line | C12: San Antonio Housing Trust Finance Corporation | D12: Northview Apartments | E12: San Antonio
D14: TOTALS | F14: =SUM(F7:F13) -> 40000000 | G14: =SUM(G7:G13) -> 40000000 | J14: =SUM(J7:J13) -> 40000000 | L14: =SUM(L7:L13) -> 25700000 | M14: =SUM(M7:M13) -> 14300000
D16: In-Line | F16: =F14-G14 -> 0
D18: Available | F18: =SUM(C1-G14+M14) -> 22803385 | G18: Any available amount after 8/15 is reflected on the Aug 15 Tab

Sheet REGION 10
A1: SUBCEILING #4 | C1: 19636319
A2: REGION 10
A4: DOCKET# | B4: STATUS | C4: ISSUER | D4: PROJECT | E4: LOCATION | F4: REQUESTED | G4: RESERVED | H4: RESERVATION | I4: 35-DAY | J4: CERTIFIED | K4: 180-DAY | L4: ALLOCATION | M4: RELEASED | N4: RELEASE/
A5: or | F5: AMOUNT | G5: AMOUNT | H5: DATE | I5: DEADLINE | J5: AMOUNT | K5: DEADLINE | L5: AMOUNT | M5: AMOUNT | N5: UPDATE
A6: LOT# | N6: DATE
C8: TOTALS | F8: =SUM(F7:F7) -> 0 | G8: =SUM(G7:G7) -> 0 | J8: =SUM(J7:J7) -> 0 | L8: =SUM(L7:L7) -> 0 | M8: =SUM(M7:M7) -> 0
C10: In-Line | F10: =SUM(F8-G8) -> 0
C12: Available | F12: =+C1-G8+M8 -> 19636319 | G12: Any available amount after 8/15 is reflected on the Aug 15 Tab

Sheet REGION 11
A1: SUBCEILING #4 | C1: 36027890
A2: REGION 11
A4: DOCKET# | B4: STATUS | C4: ISSUER | D4: PROJECT | E4: LOCATION | F4: REQUESTED | G4: RESERVED | H4: RESERVATION | I4: 35-DAY | J4: CERTIFIED | K4: 180-DAY | L4: ALLOCATION | M4: RELEASED | N4: RELEASE/
A5: or | F5: AMOUNT | G5: AMOUNT | H5: DATE | I5: DEADLINE | J5: AMOUNT | K5: DEADLINE | L5: AMOUNT | M5: AMOUNT | N5: UPDATE
A6: LOT# | N6: DATE
D8: TOTALS | F8: =SUM(F7:F7) -> 0 | G8: =SUM(G7:G7) -> 0 | J8: =SUM(J7:J7) -> 0 | L8: =SUM(L7:L7) -> 0 | M8: =SUM(M7:M7) -> 0
D10: In-Line | F10: =SUM(F8-G8) -> 0
D12: Available | F12: =+C1-G8+M8 -> 36027890 | G12: Any available amount after 8/15 is reflected on the Aug 15 Tab

Sheet REGION 12
A1: SUBCEILING #4 | C1: 14097870
A2: REGION 12
A4: DOCKET# | B4: STATUS | C4: ISSUER | D4: PROJECT | E4: LOCATION | F4: REQUESTED | G4: RESERVED | H4: RESERVATION | I4: 35-DAY | J4: CERTIFIED | K4: 180-DAY | L4: ALLOCATION | M4: RELEASED | N4: RELEASE/
A5: or | F5: AMOUNT | G5: AMOUNT | H5: DATE | I5: DEADLINE | J5: AMOUNT | K5: DEADLINE | L5: AMOUNT | M5: AMOUNT | N5: UPDATE
A6: LOT# | N6: DATE
A7: 20-067 | B7: In-Line | C7: Odessa Housing Finance Corporation | D7: Vera at Odessa Apartments | E7: Odessa
D9: TOTALS | F9: =SUM(F7:F8) -> 0 | G9: =SUM(G7:G8) -> 0 | J9: =SUM(J7:J8) -> 0 | L9: =SUM(L7:L8) -> 0 | M9: =SUM(M7:M8) -> 0
D11: In-Line | F11: =SUM(F9-G9) -> 0
D13: Available | F13: =+C1-G9+M9 -> 14097870 | G13: Any available amount after 8/15 is reflected on the Aug 15 Tab

Sheet REGION 13
A1: SUBCEILING #4 | C1: 18909048
A2: REGION 13
A4: DOCKET# | B4: STATUS | C4: ISSUER | D4: PROJECT | E4: LOCATION | F4: REQUESTED | G4: RESERVED | H4: RESERVATION | I4: 35-DAY | J4: CERTIFIED | K4: 180-DAY | L4: ALLOCATION | M4: RELEASED | N4: RELEASE/
A5: or | F5: AMOUNT | G5: AMOUNT | H5: DATE | I5: DEADLINE | J5: AMOUNT | K5: DEADLINE | L5: AMOUNT | M5: AMOUNT | N5: UPDATE
A6: LOT# | N6: DATE
D8: TOTALS | F8: =SUM(F7:F7) -> 0 | G8: =SUM(G7:G7) -> 0 | J8: =SUM(J7:J7) -> 0 | L8: =SUM(L7:L7) -> 0 | M8: =SUM(M7:M7) -> 0
D10: In-Line | F10: =SUM(F8-G8) -> 0
D12: Available | F12: =+C1+F11-G8+M8 -> 18909048 | G12: Any available amount after 8/15 is reflected on the Aug 15 Tab

Sheet SC5 OTHER
C1: =Totals!I8 -> 898147413
A2: ALL OTHER ISSUES
A4: DOCKET# | B4: STATUS | C4: ISSUER | D4: PROJECT | E4: LOCATION | F4: REQUESTED | G4: RESERVED | H4: RESERVATION | I4: 35-DAY | J4: CERTIFIED | K4: CLOSING | L4: ALLOCATION | M4: RELEASED | N4: RELEASE/
A5: or | F5: AMOUNT | G5: AMOUNT | H5: DATE | I5: DEADLINE | J5: AMOUNT | K5: DEADLINE | L5: AMOUNT | M5: AMOUNT | N5: UPDATE
A6: LOT # | N6: DATE
A7: 4530 | B7: CLOSED | C7: Port Aransas Public Finance Corporation | D7: Palladium Port Aransas | E7: Port Aransas | F7: 19000000 | G7: 19000000 | H7: 42370 | I7: =H7+35 -> 42405 | J7: 19000000 | K7: =H7+180 -> 42550 | L7: 17700000 | M7: =J7-L7 -> 1300000 | N7: 42546
A8: 4532 | B8: CLOSED | C8: Las Varas Public Facility Corporation | D8: 1604 Lofts Apartments | E8: Converse | F8: 38000000 | G8: 38000000 | H8: 42370 | I8: =H8+35 -> 42405 | J8: 38000000 | K8: =H8+180 -> 42550 | L8: 21000000 | M8: =J8-L8 -> 17000000 | N8: 42545 | O8: 2019 CF
A9: 4533 | B9: CLOSED | C9: Harris County Housing Authority PFC | D9: The Arbor at Wayforest | E9: Houston | F9: 20000000 | G9: 20000000 | H9: 42370 | I9: =H9+35 -> 42405 | J9: 20000000 | K9: =H9+180 -> 42550 | L9: 20000000 | M9: =J9-L9 -> 0 | N9: 42556
A10: 4534 | B10: CLOSED | C10: Brazoria County Industrial Development Corporation | D10: Gladieux Metals Solid Waste Disposal Facility | E10: Freeport | F10: 50000000 | G10: 50000000 | H10: 42370 | I10: =H10+35 -> 42405 | J10: 50000000 | K10: =H10+150 -> 42520 | L10: 38500000 | M10: =J10-L10 -> 11500000 | N10: 42515
A11: 4537 | B11: WITHDRAWN | C11: Las Varas Public Facility Corporation | D11: Alazan Courts Apartments | E11: San Antonio | F11: 44000000 | G11: 44000000 | H11: 42370 | I11: =H11+35 -> 42405 | J11: 0 | K11: =H11+180 -> 42550 | L11: 0 | M11: =G11-L11 -> 44000000 | N11: 42371
A12: 4538 | B12: CLOSED | C12: Brazos Higher Education Authority, Inc. | D12: Student Loan Bonds Series 2020 | E12: Statewide | F12: 100000000 | G12: 100000000 | H12: 42370 | I12: =H12+35 -> 42405 | J12: 33500000 | K12: =H12+210 -> 42580 | L12: 3467072.4 | M12: =G12-L12 -> 96532928 | N12: 42434
A13: 4540 | B13: WITHDRAWN | C13: Hurst Public Facility Corporation | D13: Gala at Central Park Apartments | E13: Hurst | F13: 15000000 | G13: 15000000 | H13: 42371 | I13: =H13+35 -> 42406 | J13: 15000000 | K13: =H13+180 -> 42551 | L13: 0 | M13: =G13-L13 -> 15000000 | N13: 42469
A14: 4543 | B14: CLOSED | C14: Las Varas Public Facility Corporation | D14: Tampico Apartments | E14: San Antonio | F14: 23000000 | G14: 23000000 | H14: 42371 | I14: =H14+35 -> 42406 | J14: 23000000 | K14: =H14+180 -> 42551 | L14: 23000000 | M14: =G14-L14 -> 0 | N14: 42557
A15: 4544 | B15: CANCELLED | C15: Mission Economic Development Corporation | D15: Zume, Inc. Project, Series 2020 | E15: Dallas | F15: 100000000 | G15: 100000000 | H15: 42371 | I15: =H15+35 -> 42406 | J15: 100000000 | K15: =H15+150 -> 42521 | L15: 0 | M15: =G15-L15 -> 100000000 | N15: 42521
A16: 4545 | B16: CLOSED | C16: Las Varas Public Facility Corporation | D16: Traders Flats | E16: San Antonio | F16: 38000000 | G16: 38000000 | H16: 42371 | I16: =H16+35 -> 42406 | J16: 38000000 | K16: =H16+180 -> 42551 | L16: 0 | M16: =G16-L16 -> 38000000 | N16: 42536 | O16: 2018 2019 CF
A17: 4546 | B17: CLOSED | C17: Austin Affordable PFC, Inc | D17: The Estates at Owen Tech | E17: Austin | F17: 20000000 | G17: 20000000 | H17: 42371 | I17: =H17+35 -> 42406 | J17: 20000000 | K17: =H17+180 -> 42551 | L17: 1250000 | M17: =G17-L17 -> 18750000 | N17: 42551 | O17: 2019 CF
A18: 4547 | B18: CLOSED | C18: Mission Economic Development Corporation | D18: Republic Services, Inc. Project, Series 2020 | E18: Scattered Site | F18: 86000000 | G18: 86000000 | H18: 42371 | I18: =H18+35 -> 42406 | J18: 86000000 | K18: =H18+150 -> 42521 | L18: 16370000 | M18: =G18-L18 -> 69630000 | N18: 42521
A19: 4549 | B19: CLOSED | C19: Mission Economic Development Corporation | D19: Waste Management, Inc. Project, Series 2020 | E19: Scattered Site | F19: 58000000 | G19: 58000000 | H19: 42371 | I19: =H19+35 -> 42406 | J19: 58000000 | K19: =H19+150 -> 42521 | L19: 0 | M19: =G19-L19 -> 58000000 | N19: 42521
A20: 4550 | B20: WITHDRAWN | C20: Mission Economic Development Corporation | D20: FP Hydrotreating LLC Project 1, Series 2020 | E20: Houston | F20: 100000000 | G20: 100000000 | H20: 42374 | I20: =H20+35 -> 42409 | J20: 100000000 | K20: =H20+150 -> 42524 | L20: 0 | M20: =G20-L20 -> 100000000 | N20: 42510
A21: 4551 | B21: WITHDRAWN | C21: Las Varas Public Facility Corporation | D21: Kitty Hawk Flats Apartments | E21: San Antonio | F21: 28000000 | G21: 28000000 | H21: 42374 | I21: =H21+35 -> 42409 | J21: 28000000 | K21: =H21+180 -> 42554 | L21: 0 | M21: =G21-L21 -> 28000000 | N21: 42418
A22: 4553 | B22: WITHDRAWN | C22: Big Springs Economic Development Corporation | D22: DG Fuels, LLC | E22: Big Spring | F22: 100000000 | G22: 100000000 | H22: 42374 | I22: =H22+35 -> 42409 | K22: =H22+150 -> 42524 | L22: 0 | M22: =G22-L22 -> 100000000 | N22: 42397
A23: 4555 | B23: WITHDRAWN | C23: Midland County Public Finance Corporation | D23: Palladium at West Francis | E23: Midland | F23: 25000000 | G23: 25000000 | H23: 42374 | I23: =H23+35 -> 42409 | J23: 25000000 | K23: =H23+180 -> 42554 | L23: 0 | M23: =G23-L23 -> 25000000 | N23: 42529
A24: 4556 | B24: WITHDRAWN | C24: Victory Street Public Facility Corporation | D24: EADO 800 Lofts | E24: Houston | F24: 48000000 | G24: 48000000 | H24: 42375 | I24: =H24+35 -> 42410 | K24: =H24+180 -> 42555 | L24: 0 | M24: =G24-L24 -> 48000000
A25: 4557 | B25: WITHDRAWN | C25: Plano Public Facility Corporation | D25: Kathryn Senior Living | E25: Plano | F25: 30000000 | G25: 30000000 | H25: 42381 | I25: =H25+35 -> 42416 | J25: 30000000 | K25: =H25+180 -> 42561 | L25: 0 | M25: =G25-L25 -> 30000000 | N25: 42559
A26: 4558 | B26: CLOSED | C26: Victory Street Public Facility Corporation | D26: Richcrest Apartments | E26: Houston | F26: 30000000 | G26: 30000000 | H26: 42381 | I26: =H26+35 -> 42416 | J26: 30000000 | K26: =H26+180 -> 42561 | L26: 30000000 | M26: =G26-L26 -> 0 | N26: 42557
A27: 4568 | B27: WITHDRAWN | C27: Waco Public Facility Corporation II | D27: South Terrace Apartments | E27: Waco | F27: 25000000 | G27: 25000000 | H27: 42399 | I27: =H27+35 -> 42434 | J27: 25000000 | K27: =H27+180 -> 42579 | L27: 0 | M27: =G27-L27 -> 25000000 | N27: 42447
A28: 20-043 | B28: WITHDRAWN | C28: Texas Home Collaborative | D28: Oakwood Apartments | E28: Balch Springs | F28: 0 | G28: 0
A29: 20-044 | B29: WITHDRAWN | C29: Texas Home Collaborative | D29: Springwood Apartments | E29: Balch Springs | F29: 0 | G29: 0
A30: 4563 | B30: WITHDRAWN | C30: Austin Affordable PFC, Inc. | D30: Signature at Franklin Park Apts | E30: Austin | F30: 15000000 | G30: 15000000 | H30: 42382 | I30: =H30+35 -> 42417 | J30: 15000000 | K30: =H30+180 -> 42562 | L30: 0 | M30: =G30-L30 -> 15000000 | N30: 42530
A31: 4574 | B31: WITHDRAWN | C31: Nueces River Authority | D31: 2020 Steel Dynamics Inc. Project | E31: Sinton | F31: 100000000 | G31: 100000000 | H31: 42410 | I31: =H31+35 -> 42445 | J31: 100000000 | K31: =H31+150 -> 42560 | L31: 0 | M31: =G31-L31 -> 100000000 | N31: 42531
A32: 4575 | B32: CLOSED | C32: THECB | D32: Student Loan Refunding Bonds | E32: Statewide | F32: 65000000 | G32: 65000000 | H32: 42410 | I32: =H32+35 -> 42445 | J32: 65000000 | K32: =H32+150 -> 42560 | L32: 59791575 | M32: =G32-L32 -> 5208424.6 | N32: 42556
A33: 4567 | B33: WITHDRAWN | C33: Las Varas Public Facility Corporation | D33: St. John's Square Apartments | E33: San Antonio | F33: 50000000 | G33: 50000000 | H33: 42392 | I33: =H33+35 -> 42427 | J33: 50000000 | K33: =H33+180 -> 42572 | L33: 0 | M33: =G33-L33 -> 50000000
A34: 20-055 | B34: WITHDRAWN | C34: Harris County Housing Authority PFC | D34: Northwood Apartments | E34: Houston | F34: 0 | G34: 0 | M34: =G34-L34 -> 0
A35: 20-056 | B35: WITHDRAWN | C35: Harris County Housing Authority PFC | D35: The Hollows | E35: Houston | F35: 0 | G35: 0 | M35: =G35-L35 -> 0
A36: 4569 | B36: CLOSED | C36: Austin Affordable PFC, Inc. | D36: Ventura at Palmer Lane | E36: Manor | F36: 34000000 | G36: 34000000 | H36: 42404 | I36: =H36+35 -> 42439 | J36: 34000000 | K36: =H36+180 -> 42584 | L36: 0 | M36: =G36-L36 -> 34000000 | N36: 42430 | O36: 2019 CF
A37: 4579 | B37: CLOSED | C37: Austin Affordable PFC, Inc. | D37: Woodway Village Apartments | E37: Austin | F37: 30000000 | G37: 30000000 | H37: 42419 | I37: =H37+35 -> 42454 | J37: 30000000 | K37: =H37+180 -> 42599 | L37: 26000000 | M37: =G37-L37 -> 4000000 | N37: 42594
A38: 4580 | B38: CLOSED | C38: Harris County Housing Authority PFC | D38: The Hollows | E38: Houston | F38: 20000000 | G38: 20000000 | H38: 42419 | I38: =H38+35 -> 42454 | J38: 20000000 | K38: =H38+180 -> 42599 | L38: 20000000 | M38: =G38-L38 -> 0 | N38: 42588
A39: 4596 | B39: WITHDRAWN | C39: Harris County Housing Authority PFC | D39: Northwood Apartments | E39: Houston | F39: 30000000 | G39: 30000000 | H39: 42447 | I39: =H39+35 -> 42482 | J39: 30000000 | K39: =H39+180 -> 42627 | L39: 0 | M39: =G39-L39 -> 30000000 | N39: 42552
A40: 4576 | B40: WITHDRAWN | C40: Alamito Public Facilities Corporation | D40: Robinson Apartments | E40: El Paso | F40: 30000000 | G40: 30000000 | H40: 42410 | I40: =H40+35 -> 42445 | J40: 30000000 | K40: =H40+180 -> 42590 | L40: 0 | M40: =G40-L40 -> 30000000 | N40: 42559
A41: 4605 | B41: CLOSED | C41: Las Varas Public Facility Corporation | D41: Kitty Hawk Flats Apartments | E41: San Antonio | F41: 28000000 | G41: 28000000 | H41: 42480 | I41: =H41+35 -> 42515 | J41: 28000000 | K41: =H41+180 -> 42660 | L41: 23500000 | M41: =G41-L41 -> 4500000 | N41: 42656
A42: 4613 | B42: WITHDRAWN | C42: SMHA Finance Public Facility Corporation | D42: Lantana at Bastrop Apartments | E42: San Marcos | F42: 26000000 | G42: 26000000 | H42: 42516 | I42: =H42+35 -> 42551 | J42: 26000000 | K42: =H42+180 -> 42696 | L42: 0 | M42: =G42-L42 -> 26000000 | N42: 42657
A43: 4593 | B43: WITHDRAWN | C43: New Hope Cultural Education Facilities Finance Corporation | D43: The Villas Del San Xavier Senior Residences | E43: San Marcos | F43: 25000000 | G43: 25000000 | H43: 42431 | I43: =H43+35 -> 42466 | J43: 25000000 | K43: =H43+180 -> 42611 | L43: 0 | M43: =G43-L43 -> 25000000 | N43: 42566
A44: 4614 | B44: CLOSED | C44: Waco Public Facility Corporation II | D44: South Terrace Apartments | E44: Waco | F44: 25000000 | G44: 25000000 | H44: 42516 | I44: =H44+35 -> 42551 | J44: 25000000 | K44: =H44+180 -> 42696 | L44: 24000000 | M44: =G44-L44 -> 1000000 | N44: 42685
A45: 4616 | B45: WITHDRAWN | C45: Housing Options, Inc. | D45: Brooks Manor | E45: Dallas | F45: 35000000 | G45: 35000000 | H45: 42516 | I45: =H45+35 -> 42551 | J45: 35000000 | K45: =H45+180 -> 42696 | L45: 0 | M45: =G45-L45 -> 35000000 | N45: 42651
A46: 4617 | B46: CLOSED | C46: Austin Affordable PFC, Inc. | D46: Bridge at Turtle Creek Apartments | E46: Austin | F46: 44000000 | G46: 44000000 | H46: 42524 | I46: =H46+35 -> 42559 | J46: 44000000 | K46: =H46+180 -> 42704 | L46: 40085000 | M46: =G46-L46 -> 3915000 | N46: 42704
A47: 4618 | B47: WITHDRAWN | C47: Victory Street Public Facility Corporation | D47: 2100 Memorial Apartments | E47: Houston | F47: 35000000 | G47: 35000000 | H47: 42524 | I47: =H47+35 -> 42559 | J47: 0 | K47: =H47+180 -> 42704 | L47: 0 | M47: =G47-L47 -> 35000000 | N47: 42549
A48: 4619 | B48: CLOSED | C48: Hurst Public Facility Corporation | D48: Gala at Central Park Apartments | E48: Hurst | F48: 15000000 | G48: 15000000 | H48: 42524 | I48: =H48+35 -> 42559 | J48: 15000000 | K48: =H48+180 -> 42704 | L48: 11100000 | M48: =G48-L48 -> 3900000 | N48: 42703
A49: 4620 | B49: WITHDRAWN | C49: Las Varas Public Facility Corporation | D49: St. John's Square Apartments | E49: San Antonio | F49: 50000000 | G49: 50000000 | H49: 42525 | I49: =H49+35 -> 42560 | J49: 50000000 | K49: =H49+180 -> 42705 | L49: 0 | M49: =G49-L49 -> 50000000 | N49: 42595
A50: 4621 | B50: WITHDRAWN | C50: Austin Affordable PFC, Inc. | D50: The Henderson on Reinli | E50: Austin | F50: 45000000 | G50: 45000000 | H50: 42525 | I50: =H50+35 -> 42560 | K50: =H50+180 -> 42705 | L50: 0 | M50: =G50-L50 -> 45000000 | N50: 42556
A51: 20-097 | B51: WITHDRAWN | C51: Austin Affordable PFC, Inc. | D51: Kingswood Apartments | E51: Austin | F51: 0 | G51: 0 | J51: 0 | L51: 0 | M51: 0 | N51: 42525
A52: 4622 | B52: WITHDRAWN | C52: Austin Affordable PFC, Inc. | D52: The Matador | E52: Austin | F52: 50000000 | G52: 50000000 | H52: 42531 | I52: =H52+35 -> 42566 | K52: =H52+180 -> 42711 | L52: 0 | M52: =G52-L52 -> 50000000 | N52: 42556
A53: 4624 | B53: WITHDRAWN | C53: Austin Affordable PFC, Inc. | D53: The Conrad | E53: Austin | F53: 45000000 | G53: 45000000 | H53: 42531 | I53: =H53+35 -> 42566 | K53: =H53+180 -> 42711 | L53: 0 | M53: =G53-L53 -> 45000000 | N53: 42556
A54: 4625 | B54: WITHDRAWN | C54: Mission Economic Development Corporation | D54: Panda Biotech LLC Project, Series 2020 | E54: Plainview, Wichita Falls, & Electra | F54: 80000000 | G54: 80000000 | H54: 42538 | I54: =H54+35 -> 42573 | J54: 80000000 | K54: =H54+150 -> 42688 | L54: 0 | M54: =G54-L54 -> 80000000
A55: 4626 | B55: WITHDRAWN | C55: Las Varas Public Facility Corporation | D55: Horizon Pointe Apartments | E55: San Antonio | F55: 35000000 | G55: 35000000 | H55: 42538 | I55: =H55+35 -> 42573 | J55: 35000000 | K55: =H55+180 -> 42718 | M55: =G55-L55 -> 35000000 | N55: 42707
A56: 20-110 | B56: WITHDRAWN | C56: Trinity River PFC | D56: Cowan Place Apartments | E56: Fort Worth | F56: 0 | G56: 0 | J56: 0 | L56: 0 | M56: =G56-L56 -> 0 | N56: 42535
A57: 4627 | B57: CLOSED | C57: Midland County Public Finance Corporation | D57: Palladium at West Francis | E57: Midland | F57: 25000000 | G57: 25000000 | H57: 42538 | I57: =H57+35 -> 42573 | J57: 25000000 | K57: =H57+180 -> 42718 | L57: 25000000 | M57: =G57-L57 -> 0 | N57: 42717
A58: 4630 | B58: WITHDRAWN | C58: Mission Economic Development Corporation | D58: FP Hydrotreating LLC Project 1, Series 2020 | E58: Houston | F58: 100000000 | G58: 100000000 | H58: 42557 | I58: =H58+35 -> 42592 | J58: 100000000 | K58: =H58+150 -> 42707 | L58: 0 | M58: =G58-L58 -> 100000000 | N58: 42630
A59: 4631 | B59: CLOSED | C59: Austin Affordable PFC, Inc. | D59: Signature at Franklin Park Apts | E59: Austin | F59: 15000000 | G59: 15000000 | H59: 42557 | I59: =H59+35 -> 42592 | J59: 15000000 | K59: =H59+180 -> 42737 | L59: 15000000 | M59: =G59-L59 -> 0 | N59: 42613
A60: 4632 | B60: CLOSED | C60: Harris County Housing Authority PFC | D60: Northwood Apartments | E60: Houston | F60: 40000000 | G60: 40000000 | H60: 42557 | I60: =H60+35 -> 42592 | J60: 40000000 | K60: =H60+180 -> 42737 | L60: 37003000 | M60: =G60-L60 -> 2997000 | N60: 42671
A61: 4633 | B61: CF | C61: Victory Street Public Facility Corporation | D61: 2100 Memorial Apartments | E61: Houston | F61: 35000000 | G61: 35000000 | H61: 42557 | I61: =H61+35 -> 42592 | J61: 35000000 | K61: =H61+180 -> 42737
A62: 4634 | B62: CF | C62: Trinity River PFC | D62: Cowan Place Apartments | E62: Fort Worth | F62: 20000000 | G62: 20000000 | H62: 42557 | I62: =H62+35 -> 42592 | J62: 20000000 | K62: =H62+180 -> 42737
A63: 4636 | B63: WITHDRAWN | C63: Plano Public Facility Corporation | D63: Kathryn Senior Living | E63: Plano | F63: 30000000 | G63: 30000000 | H63: 42563 | I63: =H63+35 -> 42598 | J63: 30000000 | K63: =H63+180 -> 42743 | M63: =G63-L63 -> 30000000 | N63: 42670
A64: 4639 | B64: WITHDRAWN | C64: New Hope Cultural Education Facilities Finance Corporation | D64: The Villas Del San Xavier Senior Residences | E64: San Marcos | F64: 25000000 | G64: 25000000 | H64: 42584 | I64: =H64+35 -> 42619 | J64: 25000000 | K64: =H64+180 -> 42764 | M64: =G64-L64 -> 25000000 | N64: 42725
A65: 4640 | B65: CLOSED | C65: Alamito Public Facilities Corporation | D65: Robinson Apartments | E65: El Paso | F65: 30000000 | G65: 30000000 | H65: 42584 | I65: =H65+35 -> 42619 | J65: 30000000 | K65: =H65+180 -> 42764 | L65: 0 | M65: =G65-L65 -> 30000000 | N65: 42648 | O65: 2018CF 2019CF
A66: 4650 | B66: CF | C66: Galveston Public Facility Corporation | D66: The Oleanders at Broadway | E66: Galveston | F66: 51757648 | G66: 51757648 | H66: 42598 | I66: =H66+35 -> 42633 | J66: 51757648 | K66: =H66+180 -> 42778
A67: 20-142 | B67: In-Line | C67: Angelina and Neches River Authority IDC | D67: Jefferson Enterprise Energy, LLC Sewage and Solid Waste Disposal Facilities | E67: Lufkin
A68: 20-146 | B68: In-Line | C68: Hidalgo Housing Development Corporation | D68: Progreso Heights Apartments | E68: Progreso
A69: 20-153 | B69: In-Line | C69: Victory Street Public Facility Corporation | D69: Historic Oaks of Allen Parkway Village | E69: Houston
A70: 20-154 | B70: In-Line | C70: Victory Street Public Facility Corporation | D70: Allen Parkway Village Apartments | E70: Houston
A71: 20-161 | B71: In-Line | C71: Bexar Management and Development Corporation | D71: Kallison Ranch Apartments | E71: San Antonio
A72: 20-163 | B72: In-Line | C72: Las Varas Public Facility Corporation | D72: Watson Road Apartments | E72: San Antonio
A73: 20-164 | B73: In-Line | C73: Las Varas Public Facility Corporation | D73: Copernicus Apartments | E73: San Antonio
A74: 20-165 | B74: In-Line | C74: Brazos Higher Education Authority, Inc. | D74: Tax-Exempt Student Loan Program Revenue Bonds | E74: Statewide
C76: TOTALS | F76: =SUM(F7:F75) -> 2280757648 | G76: =SUM(G7:G75) -> 2280757648 | J76: =SUM(J7:J75) -> 1847257648 | L76: =SUM(L7:L75) -> 4.5276665e+08 | M76: =SUM(M7:M75) -> 1.7212334e+09
C78: In-Line | F78: =F76-G76 -> 0
L79: =L7+L8+L9+L14+L17+L26+L37+L38+L41+L44+L46+L48+L57+L59+L60 -> 334638000
C80: Available | F80: =C1-G76+M76+E88 -> 3.3862312e+08 | G80: Any available amount after 8/15 is reflected on the Aug 15 Tab
D88: Total CF Used | E88: =SUM(E86:E87) -> 0

Sheet 2017 CF
A1: 2017 TRADITIONAL CARRYFORWARD
A2: DOCKET# | B2: STATUS | C2: ISSUER | D2: PROJECT | E2: LOCATION | F2: REQUESTED | G2: DESIGNATED | H2: CONFIRMATION | I2: FEE | J2: CERTIFIED | L2: CLOSED | M2: CARRYFORWARD | N2: RELEASE/
A3: or | F3: AMOUNT | G3: AMOUNT | H3: DATE | I3: DEADLINE | J3: AMOUNT | K3: DEADLINE | L3: AMOUNT | M3: REMAINING | N3: UPDATE
A4: LOT # | N4: DATE
A5: Priority 5
A6: 17CF-001 | B6: CLOSED | C6: Tarrant County HFC | D6: Sphinx at Sierra Vista Senior Villas | E6: Fort Worth | F6: 27000000 | G6: 27000000 | H6: 41642 | I6: 41654 | J6: 4000000 | K6: 42734 | M6: =J6-L6 -> 4000000
A8: Priority 6
A9: 17CF-003 | B9: CLOSED | C9: Austin HFC | D9: RBJ Center | E9: Austin | F9: 50000000 | G9: 50000000 | H9: 41642 | I9: 41654 | J9: 15000000 | K9: 42734 | L9: 15000000 | M9: =J9-L9 -> 0 | N9: 42545 | O9: 4539
A10: 17CF-004 | B10: CF | C10: McKinney HFC | D10: Sphinx at Throckmorton Villas | E10: McKinney | F10: 28000000 | G10: 23090308 | H10: 41642 | I10: 41654 | J10: 23090308 | K10: 42734 | M10: =J10-L10 -> 23090308
F12: =SUM(F5:F11) -> 105000000 | G12: =SUM(G5:G11) -> 1.0009031e+08 | L12: =SUM(L5:L11) -> 15000000 | M12: =SUM(M5:M11) -> 27090308
A14: 2017 NON TRADITIONAL CARRYFORWARD
A15: DOCKET# | B15: STATUS | C15: ISSUER | D15: PROJECT | E15: LOCATION | F15: REQUESTED | G15: RESERVED | I15: 35-DAY | J15: CERTIFIED | L15: ALLOCATION | M15: CARRYFORWARD | N15: RELEASE/
A16: or | F16: AMOUNT | G16: AMOUNT | H16: DATE | I16: DEADLINE | J16: AMOUNT | K16: DEADLINE | L16: AMOUNT | M16: REMAINING | N16: UPDATE
A17: LOT # | M17: (NET) | N17: DATE
A18: Residential Rental
A19: 4294 | B19: CF | C19: Nortex HFC | D19: Residential Rental | E19: Wichita Falls | F19: 25000000 | G19: 25000000 | H19: 41503 | I19: =H19+35 -> 41538 | J19: 25000000 | K19: 42734 | M19: =J19-L19 -> 25000000
J21: =SUM(J19:J19) -> 25000000 | L21: =SUM(L19:L19) -> 0 | M21: =SUM(M19:M19) -> 25000000
A22: All Other
A23: 4310 | B23: CF | C23: Brazos HEA | D23: Student Loan Bonds | E23: Texas | F23: 50000000 | G23: 50000000 | H23: 41529 | I23: =H23+35 -> 41564 | J23: 30032428 | K23: 42734 | L23: 30032428 | M23: =J23-L23 -> 0
A24: 4326 | B24: CF | C24: Mission EDC | D24: Water Project | E24: Bastrop | F24: 49749350 | G24: 29914748 | H24: 41592 | I24: =H24+35 -> 41627 | J24: 29914748 | K24: 42734 | M24: =J24-L24 -> 29914748
J26: =SUM(J23:J25) -> 59947176 | L26: =SUM(L23:L25) -> 30032428 | M26: =SUM(M23:M25) -> 29914748
J32: =SUM(G12+J21+J26) -> 1.8503748e+08 | M32: =M26+M21+M12 -> 82005056

Sheet 2018 CF
A1: 2018 TRADITIONAL CARRYFORWARD
A2: DOCKET# | B2: STATUS | C2: ISSUER | D2: PROJECT | E2: LOCATION | F2: REQUESTED | G2: DESIGNATED | H2: CONFIRMATION | I2: FEE | J2: CERTIFIED | L2: CLOSED | M2: CARRYFORWARD | N2: RELEASE/
A3: or | F3: AMOUNT | G3: AMOUNT | H3: DATE | I3: DEADLINE | J3: AMOUNT | K3: DEADLINE | L3: AMOUNT | M3: REMAINING | N3: UPDATE
A4: LOT # | N4: DATE
A6: Priority 6
A7: 18CF-002 | B7: CLOSED | C7: San Antonio Housing Trust FC | D7: Culebra Creek Apartments | E7: San Antonio | F7: 41000000 | G7: 41000000 | H7: 42007 | I7: 42019 | J7: 6500000 | K7: 43099 | L7: 6500000 | M7: =J7-L7 -> 0 | N7: 42542 | O7: 4560
A8: 18CF-003 | B8: CF | C8: Travis County HFC | D8: Grand Station Apartments | E8: Austin | F8: 35000000 | G8: 35000000 | H8: 42007 | I8: 42019 | J8: 35000000 | K8: 43099 | L8: 0 | M8: =J8-L8 -> 35000000
A9: 18CF-004 | B9: CLOSED | C9: Capital Area HFC | D9: Kyle Dacy Apartments | E9: Kyle | F9: 50000000 | G9: 50000000 | H9: 42007 | I9: 42019 | J9: 5115000 | K9: 43099 | L9: 5115000 | M9: =J9-L9 -> 0 | N9: 42530 | O9: 4583
A10: 18CF-005 | B10: CF | C10: Capital Area HFC | D10: Leander Lofts | E10: Leander | F10: 45000000 | G10: 45000000 | H10: 42007 | I10: 42019 | J10: 45000000 | K10: 43099 | L10: 0 | M10: =J10-L10 -> 45000000
A11: 18CF-006 | B11: CF | C11: Capital Area HFC | D11: Buda Dacy Apartments | E11: Buda | F11: 50000000 | G11: 50000000 | H11: 42007 | I11: 42019 | J11: 50000000 | K11: 43099 | L11: 0 | M11: =J11-L11 -> 50000000
F14: =SUM(F5:F13) -> 221000000 | J14: =SUM(J5:J13) -> 141615000 | L14: =SUM(L5:L13) -> 11615000 | M14: =SUM(M5:M13) -> 130000000
A17: 2018 NON TRADITIONAL CARRYFORWARD
A18: DOCKET# | B18: STATUS | C18: ISSUER | D18: PROJECT | E18: LOCATION | F18: REQUESTED | G18: RESERVED | I18: 35-DAY | J18: CERTIFIED | L18: ALLOCATION | M18: CARRYFORWARD | N18: RELEASE/
A19: or | F19: AMOUNT | G19: AMOUNT | H19: DATE | I19: DEADLINE | J19: AMOUNT | K19: DEADLINE | L19: AMOUNT | M19: REMAINING | N19: UPDATE
A20: LOT # | M20: (NET) | N20: DATE
A21: Single Family
A22: 4379 | B22: CF | C22: TDHCA | D22: Qualified Mortgage Bonds | E22: Statewide | F22: 177440518 | G22: 177440518 | H22: 41857 | I22: =H22+35 -> 41892 | J22: 80574602 | K22: 43099 | L22: 80574602 | M22: =J22-L22 -> 0 | N22: 42411 | O22: 4566
A23: 4380 | B23: CF | C23: TDHCA | D23: Qualified Mortgage Bonds/MCCs | E23: Statewide | F23: 47559482 | G23: 47559482 | H23: 41857 | I23: =H23+35 -> 41892 | J23: 47559482 | K23: 43099 | L23: 47559482 | M23: =J23-L23 -> 0 | N23: 42411 | O23: 4566
A24: 4405 | B24: CF | C24: TDHCA | D24: Qualified Mortgage Bonds | E24: Statewide | F24: 220000000 | G24: 220000000 | H24: 41865 | I24: =H24+35 -> 41900 | J24: 220000000 | K24: 43099 | L24: 220000000 | M24: =J24-L24 -> 0 | N24: 42411 | O24: 4566
A25: 4414 | B25: CF | C25: Tarrant County HFC | D25: Single Family MRB | F25: 74604596 | G25: 25000000 | H25: 41872 | I25: =H25+35 -> 41907 | J25: 25000000 | K25: 43099 | M25: =J25-L25 -> 25000000
A26: 4415 | B26: CF | C26: City of Dallas HFC | D26: QMB | F26: 62500000 | G26: 25000000 | H26: 41872 | I26: =H26+35 -> 41907 | J26: 25000000 | K26: 43099 | M26: =J26-L26 -> 25000000
A27: 4416 | B27: CLOSED | C27: Garland HFC | D27: Single Family MRB Program | F27: 41218873 | G27: 24999246 | H27: 41872 | I27: =H27+35 -> 41907 | J27: 14999246 | K27: 43099 | L27: 14999246 | M27: =J27-L27 -> 0 | N27: 42584 | O27: 4637
A28: 4417 | B28: CF | C28: Travis County HFC | D28: Single Family Mortgage Origination Program | F28: 33355040 | G28: 33355040 | H28: 41872 | I28: =H28+35 -> 41907 | J28: 33355040 | K28: 43099 | M28: =J28-L28 -> 33355040
A29: 4424 | B29: CF | C29: Capital Area HFC | D29: Single Family Mortgage Revenue Bonds | F29: 100000000 | G29: 25000000 | H29: 41901 | I29: =H29+35 -> 41936 | J29: 25000000 | K29: 43099 | M29: =J29-L29 -> 25000000
J31: =SUM(J22:J30) -> 4.7148837e+08 | L31: =SUM(L22:L30) -> 3.6313333e+08 | M31: =SUM(M22:M30) -> 108355040
A34: State Voted
A35: 4420 | B35: CLOSED | C35: THECB | D35: Student Loan Program | F35: 200000000 | G35: 200000000 | H35: 41874 | I35: =H35+35 -> 41909 | J35: 29724277 | K35: 43099 | L35: 29724277 | M35: =J35-L35 -> 0 | N35: 42556 | O35: 4559
J37: =SUM(J35:J36) -> 29724277 | L37: =SUM(L35:L36) -> 29724277 | M37: =SUM(M35:M36) -> 0
A39: Residential Rental
A40: 4385 | B40: CF | C40: Alamito PFC | D40: Residential Rental | E40: El Paso | F40: 10000000 | G40: 10000000 | H40: 41863 | I40: =H40+35 -> 41898 | J40: 8856362 | K40: 43099 | L40: 8856362 | M40: =J40-L40 -> 0 | N40: 42648 | O40: 4640
A41: 4387 | B41: CF | C41: Austin HFC | D41: Residential Rental | E41: Austin | F41: 13000000 | G41: 13000000 | H41: 41863 | I41: =H41+35 -> 41898 | J41: 1636000 | K41: 43099 | L41: 1636000 | M41: =J41-L41 -> 0 | N41: 42545 | O41: 4539
A42: 4388 | B42: CF | C42: North Central Texas HFC | D42: Residential Rental | E42: Rockwall | F42: 20000000 | G42: 20000000 | H42: 41863 | I42: =H42+35 -> 41898 | J42: 20000000 | K42: 43099 | L42: 20000000 | M42: =J42-L42 -> 0 | N42: 42587 | O42: 4584
A43: 4403 | B43: CF | C43: New Hope Cultural Education Facilities Finance Corporation | D43: Residential Rental | E43: Plano | F43: 65000000 | G43: 65000000 | H43: 41865 | I43: =H43+35 -> 41900 | J43: 54970000 | K43: 43099 | M43: =J43-L43 -> 54970000
A44: 4406 | B44: CF | C44: TSAHC | D44: Residential Rental | E44: Midland | F44: 40000000 | G44: 40000000 | H44: 41865 | I44: =H44+35 -> 41900 | J44: 31700000 | K44: 43099 | L44: 31700000 | M44: =J44-L44 -> 0 | N44: 42532 | O44: 4564
A45: 4427 | B45: CF | C45: Texarkana PFC | D45: Residential Rental | E45: Texarkana | F45: 20000000 | G45: 20000000 | H45: 41908 | I45: =H45+35 -> 41943 | J45: 2582000 | K45: 43099 | M45: =J45-L45 -> 2582000
A46: 4428 | B46: CF | C46: Las Varas PFC | D46: Residential Rental | E46: San Antonio | F46: 20000000 | G46: 20000000 | H46: 41923 | I46: =H46+35 -> 41958 | J46: 5000000 | K46: 43099 | L46: 5000000 | M46: =J46-L46 -> 0 | N46: 42536 | O46: 4545
J48: =SUM(J40:J47) -> 124744362 | L48: =SUM(L40:L47) -> 67192362 | M48: =SUM(M40:M47) -> 57552000
M51: =M14+M31+M37+M48 -> 295907040

Sheet 2019 CF
B1: 2019 TRADITIONAL CARRYFORWARD
A2: DOCKET# | B2: STATUS | C2: ISSUER | D2: PROJECT | E2: LOCATION | F2: REQUESTED | G2: DESIGNATED | H2: CONFIRMATION | I2: FEE | J2: CERTIFIED | L2: CLOSED | M2: CARRYFORWARD | N2: RELEASE/
A3: or | F3: AMOUNT | G3: AMOUNT | H3: DATE | I3: DEADLINE | J3: AMOUNT | K3: DEADLINE | L3: AMOUNT | M3: REMAINING | N3: UPDATE
A4: LOT # | N4: DATE
A6: Priority 6
A7: 19CF-001 | B7: CF | C7: San Antonio Housing Trust FC | D7: Canyon Pass Apartments | E7: San Antonio | F7: 35000000 | G7: 35000000 | H7: 42371 | I7: 42384 | J7: 35000000 | K7: 43464 | L7: 33500000 | M7: =J7-L7 -> 1500000 | N7: 42721
A8: 19CF-002 | B8: CLOSED | C8: Las Varas PFC | D8: Mira Vista Apartments | E8: San Antonio | F8: 28000000 | G8: 28000000 | H8: 42371 | I8: 42384 | J8: 28000000 | K8: 43464 | L8: 28000000 | M8: =J8-L8 -> 0 | N8: 42580
A9: 19CF-003 | B9: CF | C9: Las Varas PFC | D9: Alazan Courts Apartments | E9: San Antonio | F9: 44000000 | G9: 44000000 | H9: 42371 | I9: 42384 | J9: 44000000 | K9: 43464 | L9: 0 | M9: =J9-L9 -> 44000000
A10: 19CF-004 | B10: CF | C10: Las Varas PFC | D10: Old Pearsall Flats | E10: San Antonio | F10: 41000000 | G10: 24780000 | H10: 42382 | I10: 42396 | J10: 24780000 | K10: 43464 | L10: 0 | M10: =J10-L10 -> 24780000
A11: 19CF-005 | B11: N/A | C11: Las Varas PFC | D11: Kitty Hawk Flats | E11: San Antonio | F11: 28000000
A12: 19CF-006 | B12: N/A | C12: Las Varas PFC | D12: 1604 Lofts Apartments | E12: Converse | F12: 38000000
A13: 19CF-007 | B13: N/A | C13: Las Varas PFC | D13: Traders Flats | E13: San Antonio | F13: 38000000
A14: 19CF-008 | B14: N/A | C14: Strategic Housing HFC of Travis County | D14: Cascades at Onion Creek | E14: Austin | F14: 35000000
A15: 19CF-009 | B15: N/A | C15: Strategic Housing HFC of Travis County | D15: Yager Flats | E15: Manor | F15: 45000000
A16: 19CF-010 | B16: N/A | C16: Strategic Housing HFC of Travis County | D16: Wildhorse Apartments | E16: Austin | F16: 50000000
F18: =SUM(F7:F17) -> 382000000 | G18: =SUM(G7:G17) -> 131780000 | L18: =SUM(L5:L17) -> 61500000 | M18: =SUM(M5:M17) -> 70280000
D21: Amount Available for Traditional Carryforward | F21: 1.3178e+08
M22: 130528734
L23: 184997155 | M23: 54468421
B26: 2019 NON TRADITIONAL CARRYFORWARD
A27: DOCKET# | B27: STATUS | C27: ISSUER | D27: PROJECT | E27: LOCATION | F27: REQUESTED | G27: RESERVED | I27: 35-DAY | J27: CERTIFIED | L27: ALLOCATION | M27: CARRYFORWARD | N27: RELEASE/
A28: or | F28: AMOUNT | G28: AMOUNT | H28: DATE | I28: DEADLINE | J28: AMOUNT | K28: DEADLINE | L28: AMOUNT | M28: REMAINING | N28: UPDATE
A29: LOT # | M29: (NET) | N29: DATE
A30: SC 1
A31: 4483 | B31: CF | C31: TDHCA | D31: MCCs | E31: Statewide | F31: 106334337 | G31: 106334337 | H31: 42217 | I31: =H31+35 -> 42252 | J31: 106334337 | K31: =H31+180 -> 42397 | L31: =51865916+54468421 -> 106334337 | M31: =J31-L31 -> 0 | N31: 42411 | O31: ='[1]SC1 MRB'!P10-SUM('[1]2018 CF'!L22:L24) -> 51865916 | P31: =L31-O31 -> 54468421 | Q31: 4566 | R31: 4611
A32: 4484 | B32: CF | C32: TDHCA | D32: MCCs | E32: Statewide | F32: 175000000 | G32: 175000000 | H32: 42217 | I32: =H32+35 -> 42252 | J32: 175000000 | K32: =H32+180 -> 42397 | L32: =130528734+44471266 -> 175000000 | M32: =J32-L32 -> 0 | N32: 42559 | O32: ='[1]SC1 MRB'!P11-P31 -> 1.3052873e+08 | P32: =L32-O32 -> 44471266 | Q32: 4611 | R32: 4683
A33: 4486 | B33: CF | C33: TSAHC | D33: Single Family MCC Program | E33: Statewide | F33: 84383424 | G33: 84383424 | H33: 42222 | I33: =H33+35 -> 42257 | J33: 84383424 | K33: =H33+180 -> 42402 | L33: 0 | M33: =J33-L33 -> 84383424
A34: 4487 | B34: CF | C34: El Paso HFC | D34: Single Family MRB | E34: El Paso | F34: 25000000 | G34: 25000000 | H34: 42222 | I34: =H34+35 -> 42257 | J34: 25000000 | K34: =H34+180 -> 42402 | L34: 0 | M34: =J34-L34 -> 25000000
A35: 4488 | B35: CF | C35: TDHCA | D35: MCCs | E35: Statewide | F35: 2.1648174e+08 | G35: 2.1648174e+08 | H35: 42222 | I35: =H35+35 -> 42257 | J35: 2.1648174e+08 | K35: =H35+180 -> 42402 | L35: 2.1648174e+08 | M35: =J35-L35 -> 0 | O35: =L35 -> 2.1648174e+08 | Q35: 4683
A36: 4489 | B36: CF | C36: TSAHC | D36: Single Family MCC Program | E36: Statewide | F36: 2.1648174e+08 | G36: 2.1648174e+08 | H36: 42222 | I36: =H36+35 -> 42257 | J36: 2.1648174e+08 | K36: =H36+180 -> 42402 | L36: 0 | M36: =J36-L36 -> 2.1648174e+08
A37: 4514 | B37: CF | C37: TDHCA | D37: QMBs | E37: Statewide | F37: 7.5851826e+08 | G37: 7.5851826e+08 | H37: 42235 | I37: =H37+35 -> 42270 | J37: 6.0747017e+08 | K37: =H37+180 -> 42415 | L37: 5.3904699e+08 | M37: =J37-L37 -> 68423173 | O37: ='[1]Aug 15'!P47-'[1]2019 CF'!P32-O35 -> 5.3904699e+08 | Q37: 4683
A38: 4516 | B38: CF | C38: TSAHC | D38: MRB/MCCs | E38: Statewide | F38: 443000000 | G38: 443000000 | H38: 42235 | I38: =H38+35 -> 42270 | J38: 367000000 | K38: =H38+180 -> 42415 | L38: 0 | M38: =J38-L38 -> 367000000
J40: =SUM(J31:J39) -> 1.7981514e+09 | L40: =SUM(L31:L39) -> 1036863071 | M40: =SUM(M31:M39) -> 7.6128834e+08
M42: =SUM(M33+M38+M36) -> 6.6786517e+08
A43: Residential Rental
A44: 4493 | B44: CF | C44: Capital Area HFC | D44: Legacy Senior Residences | E44: Round Rock | F44: 20000000 | G44: 20000000 | H44: 42228 | I44: =H44+35 -> 42263 | J44: 20000000 | K44: =H44+150 -> 42378 | L44: 20000000 | M44: =J44-L44 -> 0 | N44: 42530 | O44: 4583
A45: 4494 | B45: CF | C45: TDHCA | D45: The Haven at Willow Creek Park | E45: Houston | F45: 18000000 | G45: 18000000 | H45: 42228 | I45: =H45+35 -> 42263 | J45: 18000000 | K45: =H45+150 -> 42378 | L45: =10000000+8000000 -> 18000000 | M45: =J45-L45 -> 0 | N45: 42510 | O45: 4603 | P45: 4581
A46: 4495 | B46: CF | C46: Denton County HFC | D46: EMLI at Pecan Creek Apts | E46: Aubrey | F46: 20000000 | G46: 20000000 | H46: 42229 | I46: =H46+35 -> 42264 | J46: 20000000 | K46: =H46+150 -> 42379 | L46: 20000000 | M46: =J46-L46 -> 0 | N46: 42693 | O46: 4663
A47: 4496 | B47: CF | C47: TSAHC | D47: Hamilton Valley Texas Portfolio - Pool 1 (13 properties) | E47: Scattered Site | F47: 18535000 | G47: 18535000 | H47: 42229 | I47: =H47+35 -> 42264 | J47: 18535000 | K47: =H47+150 -> 42379 | L47: =8300000+10235000 -> 18535000 | M47: =J47-L47 -> 0 | N47: 42532 | O47: 4564& 4561
A48: 4497 | B48: CF | C48: TSAHC | D48: Hamilton Valley Texas Portfolio - Pool 2 (8 properties) | E48: Scattered Site | F48: 17730000 | G48: 17730000 | H48: 42229 | I48: =H48+35 -> 42264 | J48: 17730000 | K48: =H48+150 -> 42379 | L48: 17730000 | M48: =J48-L48 -> 0 | O48: 4561
A49: 4498 | B49: CF | C49: TSAHC | D49: Hamilton Valley Texas Portfolio - Pool 3 (1 property) The Village Apts | E49: Tomball | F49: 2855000 | G49: 2855000 | H49: 42229 | I49: =H49+35 -> 42264 | J49: 2855000 | K49: =H49+150 -> 42379 | L49: 2855000 | M49: =J49-L49 -> 0 | O49: 4561
A50: 4499 | B50: CF | C50: TDHCA | D50: Fishpond at Corpus Christi | E50: Corpus Christi | F50: 10000000 | G50: 10000000 | H50: 42229 | I50: =H50+35 -> 42264 | J50: 10000000 | K50: =H50+150 -> 42379 | L50: 10000000 | M50: =J50-L50 -> 0 | N50: 42538 | O50: 4581
A51: 4500 | B51: CF | C51: Austin Affordable PFC, Inc. | D51: Signature at Franklin Park Apts | E51: Austin | F51: 15000000 | G51: 15000000 | H51: 42230 | I51: =H51+35 -> 42265 | J51: 15000000 | K51: =H51+150 -> 42380 | L51: 15000000 | M51: =J51-L51 -> 0 | N51: 42551 | O51: 4546
A52: 4508 | B52: CLOSED | C52: Austin Affordable PFC, Inc. | D52: Bridge at Loyola Lofts | E52: Austin | F52: 30000000 | G52: 30000000 | H52: 42231 | I52: =H52+35 -> 42266 | J52: 30000000 | K52: =H52+150 -> 42381 | L52: =26250000+3750000 -> 30000000 | M52: =J52-L52 -> 0 | N52: 42381 | O52: 4546
A53: 4511 | B53: CF | C53: Capital Area HFC | D53: Riverstone | E53: San Marcos | F53: 50000000 | G53: 50000000 | H53: 42235 | I53: =H53+35 -> 42270 | J53: 45000000 | K53: =H53+150 -> 42385 | L53: =18387000+20000000+6613000 -> 45000000 | M53: =J53-L53 -> 0 | N53: 42530 | O53: 4583 | P53: 4589 | Q53: 4653
A54: 4512 | B54: CF | C54: TDHCA | D54: The Reserves at San Marcos | E54: San Marcos | F54: 41000000 | G54: 41000000 | H54: 42235 | I54: =H54+35 -> 42270 | J54: 41000000 | K54: =H54+150 -> 42385 | L54: =23000000+18000000 -> 41000000 | M54: =J54-L54 -> 0 | N54: 42538 | O54: 4581 | P54: 4609
A55: 4515 | B55: CF | C55: TSAHC | D55: Ventura at Fairgrounds | E55: Midland | F55: 40000000 | G55: 40000000 | H55: 42235 | I55: =H55+35 -> 42270 | J55: 8300000 | K55: =H55+150 -> 42385 | L55: =5122000+3178000 -> 8300000 | M55: =J55-L55 -> 0 | N55: 2018 CF used for reservation | O55: 4561 | P55: 4615
A56: 4518 | B56: CLOSED | C56: Strategic Housing HFC of Travis County | D56: Lakeway Apts | E56: Austin | F56: 10000000 | G56: 10000000 | H56: 42251 | I56: =H56+35 -> 42286 | J56: 10000000 | K56: =H56+150 -> 42401 | L56: 10000000 | M56: =J56-L56 -> 0 | N56: 42399
A57: 4519 | B57: CF | C57: City of Dallas HFC | D57: Flora Street Lofts | E57: Dallas | F57: 15000000 | G57: 15000000 | H57: 42251 | I57: =H57+35 -> 42286 | J57: 15000000 | K57: =H57+150 -> 42401 | L57: 15000000 | M57: =J57-L57 -> 0 | N57: 42721 | O57: 4658
A58: 4521 | B58: CF | C58: Austin Affordable PFC, Inc. | D58: Ventura at Palmer Lane | E58: Manor | F58: 34000000 | G58: 34000000 | H58: 42265 | I58: =H58+35 -> 42300 | J58: 34000000 | K58: =H58+150 -> 42415 | L58: 34000000 | M58: =J58-L58 -> 0 | N58: 4569
A59: 4522 | B59: CF | C59: New Hope Cultural Education Facilities Finance Corporation | D59: The Villas Del San Xavier Senior Residences | E59: San Marcos | F59: 25000000 | G59: 25000000 | H59: 42266 | I59: =H59+35 -> 42301 | J59: 25000000 | K59: =H59+150 -> 42416 | L59: 0 | M59: 0 | N59: 2018 CF used for reservation
A60: 4523 | B60: CF | C60: Las Varas PFC | D60: St. John's Square Apartments | E60: San Antonio | F60: 50000000 | G60: 50000000 | H60: 42273 | I60: =H60+35 -> 42308 | J60: 50000000 | K60: =H60+150 -> 42423 | L60: =33000000+17000000 -> 50000000 | M60: =J60-L60 -> 0 | N60: 42536 | O60: 4545 | P60: 4532
A61: 4524 | B61: CLOSED | C61: Capital Area HFC | D61: Auro Crossing Apartments | E61: Austin | F61: 45000000 | G61: 45000000 | H61: 42273 | I61: =H61+35 -> 42308 | J61: 45000000 | K61: =H61+150 -> 42423 | L61: 45000000 | M61: =J61-L61 -> 0 | N61: 42423
A62: 4526 | B62: CLOSED | C62: Strategic Housing HFC of Travis County | D62: Boyce Parmer Apartments Phase II | E62: Austin | F62: 35000000 | G62: 35000000 | H62: 42273 | I62: =H62+35 -> 42308 | J62: 35000000 | K62: =H62+150 -> 42423 | L62: 35000000 | M62: =J62-L62 -> 0 | N62: 42399
A63: 4528 | B63: CF | C63: Alamito PFC | D63: Robinson Apartments | E63: El Paso | F63: 30000000 | G63: 30000000 | H63: 42291 | I63: =H63+35 -> 42326 | J63: 22000000 | K63: =H63+150 -> 42441 | L63: 16143638 | M63: =J63-L63 -> 5856362 | N63: 42648 | O63: 4640
J65: =SUM(J44:J64) -> 482420000 | L65: =SUM(L44:L64) -> 451563638 | M65: =SUM(M44:M64) -> 5856362
A67: SC 6
A68: 4529 | B68: CF | C68: Mission EDC | D68: Zume, Inc. Series 2019 | E68: Greenville | F68: 300000000 | G68: 94030000 | H68: 42322 | I68: =H68+35 -> 42357 | J68: 94030000 | K68: =H68+120 -> 42442 | L68: =50400000+43630000 -> 94030000 | M68: =J68-L68 -> 0 | N68: 42518 | O68: 4547 4549
J70: =SUM(J68:J69) -> 94030000 | L70: =SUM(L68:L69) -> 94030000 | M70: =SUM(M68:M69) -> 0
M76: =M70+M65+M40+M18 -> 8.374247e+08

Sheet Bond Buyer
B1: 2020 | C1: 2019 | D1: 2018 | E1: 2017 | F1: 2016 | G1: 2015 | H1: 2014 | I1: 2013 | J1: 2012 | K1: 2011 | L1: 2010 | M1: 2009 | N1: 2008 | O1: 2007 | P1: 2006 | Q1: 2005 | R1: 2004 | S1: 2003 | T1: 2002* | U1: 2001*
B2: Submission | C2: Submission | D2: Submission | E2: Submission | F2: Submission | G2: Submission | H2: Submission | I2: Submission | J2: Submission | K2: Submission | L2: Submission | M2: Submission | N2: Submission | O2: Submission | P2: Submission | Q2: Submission | R2: Submission | S2: Submission
A3: Current Year Cap | B3: =Totals!B8 -> 3044567505 | C3: 3013693725 | D3: 2971982580 | E3: 2786259600 | F3: 2746911400 | G3: 2695695800 | H3: 2644819300 | I3: 2475624285 | J3: 2439094695 | K3: 2388828295 | L3: 2230407180 | M3: 2189427660 | N3: 2031872300 | O3: 1998161555 | P3: 1828797440 | Q3: 1799201760 | R3: 1769480721 | S3: 1633491975 | T3: 1599376350 | U3: 1303238750
A4: Carryforward to CY | B4: =SUM(C44:C47) -> 3.3759909e+09 | C4: 3.8596363e+09 | D4: 3.309407e+09 | E4: 4.8482002e+09 | F4: 3.8145036e+09 | G4: 3765710513 | H4: 2.6321332e+09 | I4: 2.242234e+09 | J4: 2.9513056e+09 | K4: 3.300804e+09 | L4: 3.1767262e+09 | M4: 2.279708e+09 | N4: 7.2915591e+08 | O4: 7.0791376e+08 | P4: 940721729 | Q4: 7.9945776e+08 | R4: 385204031 | S4: 192694519 | T4: 63200000 | U4: 19066155
A5: Total Capacity | B5: =SUM(B3:B4) -> 6.4205584e+09 | C5: 6.87333e+09 | D5: 6.2813895e+09 | E5: 7.6344598e+09 | F5: 6.561415e+09 | G5: 6461406313 | H5: 5.2769525e+09 | I5: 4.7178583e+09 | J5: 5.3904003e+09 | K5: 5.6896322e+09 | L5: 5.4071334e+09 | M5: 4.4691356e+09 | N5: 2.7610282e+09 | O5: 2.7060753e+09 | P5: 2769519169 | Q5: 2.5986595e+09 | R5: 2154684752 | S5: 1826186494 | T5: 1662576350 | U5: 1322304905
A8: Mortgage Revenue Bonds | B8: 0 | D8: 0 | E8: 0 | F8: 0 | G8: 0 | H8: 0 | I8: 0 | J8: 0 | K8: 10842500 | L8: 0 | N8: 0 | O8: 4.9123659e+08 | P8: 4.6705769e+08 | Q8: 75815311 | R8: 303875370 | S8: 166861717 | T8: 453396662 | U8: 418475905
A9: CF used | B9: ='2019 CF'!P31+'2019 CF'!O32 -> 184997155 | F9: 31510000 | G9: 19870000 | H9: 0 | I9: 0 | J9: 78070000 | K9: 562402275 | L9: 0 | M9: 51276200 | O9: 76750929 | P9: 34450000 | Q9: 0 | R9: 0 | S9: 10450000 | T9: 0 | U9: 0
A10: HERA CF Used | B10: 0 | E10: 0 | F10: 0 | G10: 0 | H10: 0 | I10: 0 | J10: 0 | K10: 0 | L10: 0 | M10: 30000000
A11: Mortgage Credit Certificates | B11: 0 | C11: 10153000 | D11: 15000000 | E11: 9.1801527e+08 | F11: 2.6006828e+08 | G11: 57500000 | H11: 31266000 | I11: 335757940 | J11: 228831078 | K11: 95000000 | L11: 66142544 | M11: 54664820 | N11: 99000000 | O11: 59300014 | P11: 104136159 | Q11: 197530000 | R11: 48528775 | S11: 94209746 | T11: 0 | U11: 0
A12: CF used | B12: ='2018 CF'!L31+'2019 CF'!L40-B9 -> 1.2149992e+09 | C12: 1.8182106e+09 | D12: 7.1341383e+08 | E12: 2.1119169e+09 | F12: 50000000 | G12: 1224590213 | H12: 695266000 | I12: 340000000 | J12: 455105100 | K12: 249003434 | L12: 333000000 | M12: 190356000 | N12: 35240000 | O12: 0 | P12: 12629000 | Q12: 0 | R12: 0 | S12: 0 | T12: 0 | U12: 0
A13: HERA CF Used | B13: 0 | E13: 0 | G13: 0 | H13: 0 | I13: 0 | J13: 0 | K13: 0 | L13: 398500000 | M13: 235800000
A14: Multifamily Housing | B14: ='SC4 TSAHC'!L19+'SC4 MF- TDHCA'!L29+'SC4 MF- Local Collapse'!L44+'REGION 1'!L9+'REGION 2'!L8+'REGION 3'!L15+'REGION 4'!L8+'REGION 5'!L8+'REGION 6'!L16+'REGION 7'!L16+'REGION 8'!L8+'REGION 9'!L14+'REGION 10'!L8+'REGION 11'!L8+'REGION 12'!L9+'REGION 13'!L8+'SC5 OTHER'!L7+'SC5 OTHER'!L8+'SC5 OTHER'!L9+'SC5 OTHER'!L14+'SC5 OTHER'!L17+'SC5 OTHER'!L26+'SC5 OTHER'!L37+'SC5 OTHER'!L38+'SC5 OTHER'!L41+'SC5 OTHER'!L44+'SC5 OTHER'!L46+'SC5 OTHER'!L48+'SC5 OTHER'!L57+'SC5 OTHER'!L59+'SC5 OTHER'!L60+'Aug 15'!N9+'Aug 15'!N14+'Aug 15'!N16+'Aug 15'!N19+'Aug 15'!N17 -> 989721000 | C14: 381157999 | D14: 225577000 | E14: 118240400 | F14: 225357000 | G14: 144676500 | H14: 80945000 | I14: 72480000 | J14: 90325000 | K14: 7250000 | L14: 5275000 | M14: 0 | N14: 38530714 | O14: 266479282 | P14: 101592000 | Q14: 108950000 | R14: 384700000 | S14: 388626000 | T14: 365185169 | U14: 319584000
A15: CF used | B15: ='2019 CF'!L65+'2019 CF'!L18+'2018 CF'!L48+'2018 CF'!L14+'2017 CF'!L12 -> 606871000 | C15: 663385001 | D15: 554545900 | E15: 482831600 | F15: 353473500 | G15: 352830000 | H15: 116150000 | I15: 100725000 | J15: 20100000 | K15: 62625000 | L15: 31050000 | M15: 28690000 | N15: 86135000 | O15: 101789718 | P15: 329745562 | Q15: 428150000 | R15: 97550000 | S15: 123550000 | T15: 0 | U15: 0
A16: HERA CF Used | B16: 0 | E16: 0 | G16: 0 | H16: 0 | I16: 0 | J16: 0 | K16: 0 | L16: 0 | M16: 15700000
A17: Housing Not Broken out | E17: 0 | F17: 0 | G17: 0 | H17: 0 | I17: 0 | J17: 0 | K17: 0 | L17: 0 | O17: 0 | P17: 0 | Q17: 0 | R17: 0 | S17: 0 | T17: 0 | U17: 0
A18: IDBs | B18: ='SC3 Small Issue IDBs'!L11 -> 0 | C18: 20000000 | E18: 8600000 | F18: 10000000 | H18: 3650000 | I18: 1897830 | J18: 10000000 | K18: 13300000 | L18: 3440000 | M18: 16043250 | N18: 40869207 | O18: 19402500 | P18: 0 | Q18: 4225000 | R18: 10000000 | S18: 3700000 | T18: 0 | U18: 0
A19: CF used | B19: 0 | E19: 0 | F19: 0 | H19: 0 | I19: 0 | J19: 0 | K19: 0 | L19: 0 | O19: 0 | P19: 0 | Q19: 3000000 | R19: 0 | S19: 0 | T19: 0 | U19: 0
A20: Exempt Facilities | B20: ='SC5 OTHER'!L10+'SC5 OTHER'!L18+'Aug 15'!N27 -> 76870000 | C20: 75000000 | D20: 86430000 | E20: 0 | F20: 50000000 | G20: 53350000 | H20: 155360000 | I20: 40675827 | J20: 361535000 | K20: 45000000 | L20: 4.4551032e+08 | M20: 358800000 | N20: 658300000 | O20: 475235473 | P20: 519550000 | Q20: 139425000 | R20: 189355000 | S20: 391476662 | T20: 391800000 | U20: 384205000
A21: CF used | B21: ='2019 CF'!L70 -> 94030000 | C21: 25000000 | D21: 352115000 | E21: 0 | F21: 252885000 | G21: 0 | H21: 0 | I21: 0 | J21: 0 | K21: 40200000 | L21: 143000000 | O21: 96499998 | P21: 205500000 | Q21: 5200000 | R21: 0 | S21: 22108338 | T21: 0 | U21: 0
A22: Student Loans | B22: ='SC5 OTHER'!L12+'SC5 OTHER'!L32 -> 63258648 | C22: 46001315 | E22: 0 | F22: 0 | G22: 0 | H22: 0 | I22: 0 | J22: 0 | K22: 0 | L22: 85850000 | M22: 0 | N22: 58500000 | O22: 209759336 | P22: 191945000 | Q22: 598050000 | R22: 296200000 | S22: 140000000 | T22: 139500000 | U22: 136840000
A23: CF used | B23: ='2017 CF'!L26 -> 30032428 | C23: 19967572 | E23: 0 | F23: 0 | G23: 0 | H23: 0 | I23: 0 | J23: 0 | K23: 0 | L23: 208000000 | O23: 30645664 | P23: 0 | Q23: 58000000 | R23: 0 | S23: 0 | T23: 0 | U23: 0
A24: State Voted Issues | B24: ='SC2 State Voted'!L9 -> 69990169 | E24: 1.7011169e+08 | F24: 0 | G24: 0 | H24: 0 | I24: 0 | J24: 0 | K24: 74995000 | L24: 95279609 | M24: 24999101 | N24: 74997184 | O24: 99999895 | P24: 0 | Q24: 0 | R24: 25000000 | S24: 100000000 | T24: 120000000 | U24: $-
A25: CF used | B25: ='2018 CF'!L37 -> 29724277 | C25: 170275723 | E25: 501939.6 | F25: 1.7999509e+08 | G25: 1.6950297e+08 | H25: 81144804 | I25: 1.4385415e+08 | J25: 99995837 | K25: 50000000 | L25: 144649500 | M25: 50000000 | N25: 0 | O25: 0 | P25: 0 | Q25: 0 | R25: 0 | S25: 0
A26: Current Year Abandonded | B26: 0 | D26: 0 | E26: 0 | F26: 0 | G26: 0 | H26: 0 | I26: 742041688 | J26: 7.9650762e+08 | K26: 1107266939 | L26: 0.30000019 | N26: 18660702 | O26: 0 | P26: 0 | Q26: 0 | R26: 0 | S26: 0 | T26: 0 | U26: 0
A27: Carryforward Expiring | B27: ='2017 CF'!M32 -> 82005056 | C27: 268187900 | D27: 474671500 | E27: 514835000 | F27: 299926000 | G27: 622583000 | H27: 347460208 | I27: 308292671 | J27: 853943988 | K27: 520447605 | L27: 1.466325e+08 | M27: 236080000 | N27: 101327449 | O27: 49580000 | P27: 95000000 | Q27: 39592477 | R27: 17850 | S27: 0 | T27: 0
A28: 2002 CF | R28: 39677182
A29: 2003 CF | Q29: 95000000 | R29: 98000000
A30: 2004 CF | P30: 104065280 | Q30: 170515280 | R30: 661780575
A31: 2005 CF | O31: 101327449 | P31: 159331887 | Q31: 675206449 | S31: 385204031 | T31: 192694519 | U31: 63200000
A32: 2006 CF | N32: 236080000 | O32: 251080000 | P32: 4.4451659e+08
A33: 2007 CF | M33: 1.3453846e+08 | N33: 2.7061346e+08 | O33: 3.7674846e+08
A34: 2008 CF | L34: 548608539 | M34: 858767293 | N34: 1043014493
A35: 2009 CF | K35: 862493038 | L35: 1223285704
A36: HERA Carryforward | K36: 0 | L36: 0 | M36: 448500000 | N36: 730000000
A37: 2010 CF | K37: 9.536326e+08
A38: 2011 CF | I38: 5.7819122e+08 | J38: 8.9745916e+08
A39: 2012 CF | H39: 640700000 | I39: 771171000
A40: 2013 CF | G40: 299926000 | H40: 751412213
A41: 2014 CF | F41: 7.9240324e+08 | G41: 1.0744083e+09
A42: 2015 CF | E42: 8.267865e+08 | F42: 1854310800
A43: 2016 CF | D43: 356484900 | E43: 9.1132821e+08
A44: 2017 CF | C44: 1.2703748e+08 | D44: 8.5817582e+08
A45: 2018 CF | B45: ='2018 CF'!M51 -> 295907040 | C45: 7.6757201e+08
A46: 2019 CF | B46: ='2019 CF'!M76 -> 8.374247e+08
A47: CF to next year | B47: ='2020 CF'!L87 -> 1.8447277e+09 | C47: 2.4813814e+09 | D47: 2644975579 | E47: 1.5712922e+09 | F47: 2.2014861e+09 | G47: 2440169300 | H47: 2373598300 | I47: 1282771000 | J47: 951896000 | K47: 1135180000 | L47: 1.5289097e+09 | M47: 1.7349205e+09
B48: =SUM(B9:B47) -> 6.4205584e+09 | C48: 6.87333e+09 | D48: 6.2813895e+09 | E48: 7.6344598e+09 | F48: 6.561415e+09 | G48: 6459406313 | H48: 5276952525 | I48: 4.7178583e+09 | J48: 5.3904003e+09 | K48: 5.7896384e+09 | L48: 5.4071334e+09 | M48: 4.4691356e+09 | N48: 2.7612682e+09 | O48: 2705835313 | P48: 2769519169 | Q48: 2.5986595e+09 | R48: 2.1546848e+09 | S48: 1826186494 | T48: 1662576350 | U48: 1322304905
D49: 1
B50: =SUM(B48/B5) -> 1 | C50: 1 | F50: 4.8482002e+09 | J50: 6.5327094e+08 | O50: 1.6214131e+09
A51: Available | G51: 2440169300 | H51: 2373598300 | I51: 2024812688 | L51: 1.5289097e+09 | M51: 1.7349205e+09 | N51: 18660702 | P51: 1.3842808e+09
A52: Allocation | B52: =B8+B11+B14+B18+B20+B22+B24 -> 1.1998398e+09 | C52: =C11+C14+C18+C20+C22 -> 5.3231231e+08 | D52: =D11+D14+D20 -> 327007000 | E52: 1.2149674e+09 | F52: 5.4542528e+08 | G52: 255526500 | H52: 271221000 | I52: 450811597 | J52: 690691078 | K52: 2.463875e+08 | L52: 7.0149747e+08 | M52: 4.5450717e+08 | N52: 9.7019711e+08 | O52: 1998161555 | P52: 1828797440 | Q52: 1799201760 | R52: 1919439720 | S52: 1670078156
A53: CF Allocated | B53: =B12+B15+B21+B23+B25+B9 -> 2.1606541e+09 | C53: 2.6654749e+09 | D53: =D12+D15+D21 -> 1.6200747e+09 | E53: 2.5952504e+09 | F53: 8.6786359e+08 | G53: 1.7667932e+09 | H53: 892560804 | I53: 5.8457915e+08 | J53: 6.5327094e+08 | K53: 964230709 | L53: 859699500 | M53: 320322200
A54: HERA CF Allocated | L54: 398500000 | M54: 281500000
A55: CF Available | B55: =B3-B52 -> 1.8447277e+09 | J55: 1.4440907e+09 | K55: 1382940643 | L55: 1.9185267e+09 | M55: 1.6778858e+09 | N55: 1.7724104e+09 | O55: 707673758 | P55: 940721729 | Q55: 7.9945776e+08 | R55: 2.3524503e+08 | S55: 156108338
L56: 5.4071334e+09 | M56: 4.4691356e+09 | N56: 2.7612682e+09 | O56: 2705835313 | P56: 2769519169 | Q56: 2.5986595e+09 | R56: 2.1546848e+09 | S56: 1826186494
A58: Total Allocated | E58: 3.8102178e+09 | J58: 1.343962e+09 | K58: 1.2106182e+09 | L58: 1.959697e+09 | N58: 0.47748921 | O58: 1 | P58: 1
J59: 533175100 | N59: 2.4307701 | O59: 0.99966098 | P59: 1
E60: -1.4901161e-07 | N60: 1.0000869 | O60: 0.99991131 | P60: 1
D61: 1 | F61: 0.82037716
A62: Current Year Volume Cap Check | B62: =B3-B8-B11-B14-B17-B18-B20-B22-B24-B47 -> 0 | C62: 0 | D62: 0.76999998 | E62: 0.99999976
A63: Carryforward Check | B63: =B4-B9-B12-B15-B19-B21-B23-B25-B27-B44-B45-B46 -> 0.94999993 | C63: -0.60450017 | E63: -8.9406967e-08
E66: 2017 | F66: 2016 | G66: 2015 | H66: 2014 | I66: 2013 | J66: 2012 | K66: 2011 | L66: 2010 | M66: 2009 | N66: 2008 | O66: 2007 | P66: 2006 | Q66: 2005 | R66: 2004 | S66: 2003 | T66: 2002* | U66: 2001*
A67: SC 1 | E67: 3.0299322e+09 | F67: 3.1006828e+08 | G67: 1282090213 | H67: 726532000 | I67: 675757940 | J67: 762006178 | K67: 917248209 | L67: 399142544 | M67: 326297020 | N67: 134240000 | O67: 6.2728754e+08 | P67: 6.1827285e+08 | Q67: 273345311 | R67: 352404145 | S67: 271521463 | T67: 453396662 | U67: 418475905
A68: SC 2 | J68: 99995837 | K68: 1.24995e+08 | L68: 95279609 | M68: 24999101 | N68: 74997184 | O68: 99999895 | P68: 0 | Q68: 0 | R68: 25000000 | S68: 100000000 | T68: 120000000 | U68: 0
A69: SC 3 | J69: 10000000 | K69: 13300000 | L69: 3440000 | M69: 16043250 | N69: 40869207 | O69: 19402500 | P69: 0 | Q69: 7225000 | R69: 10000000 | S69: 3700000 | T69: 0 | U69: 0
A70: SC 4 | E70: 601072000 | F70: 578830500 | G70: 497506500 | H70: 197095000 | I70: 173205000 | J70: 110425000 | K70: 69875000 | L70: 36325000 | M70: 28690000 | N70: 124665714 | O70: 368269000 | P70: 431337562 | Q70: 537100000 | R70: 482250000 | S70: 512176000 | T70: 365185169 | U70: 319584000
A71: SC 5 | J71: 0 | K71: 0 | L71: 293850000 | M71: 0 | N71: 58500000 | O71: 240405000 | P71: 191945000 | Q71: 656050000 | R71: 296200000 | S71: 140000000 | T71: 139500000 | U71: 136840000
A72: SC 6 | J72: 361535000 | K72: 85200000 | L72: 5.8851032e+08 | M72: 358800000 | N72: 658300000 | O72: 571735471 | P72: 725050000 | Q72: 144625000 | R72: 189355000 | S72: 413585000 | T72: 391800000 | U72: 384205000
A73: CF ABANDONED | J73: 853943988 | K73: 520447605 | L73: 1.466325e+08 | M73: 236080000 | N73: 101327449 | O73: 49580000 | P73: 95000000 | Q73: 39592477 | R73: 17850 | S73: 0 | T73: 0 | U73: 0
J74: 2.3959867e+09 | K74: 2.0888126e+09 | L74: 1.56318e+09 | M74: 9.9090937e+08 | N74: 1.1928996e+09 | O74: 1.9766794e+09 | P74: 2.0616054e+09 | Q74: 1.6579378e+09 | R74: 1355226995 | S74: 1440982463 | T74: 1469881831 | U74: 1259104905
F75: 4.8482002e+09 | L75: 3.0920897e+09
A77: Current Year
A78: SC 1 | J78: 228831078 | K78: 105842500 | L78: 66142544 | M78: 54664820 | N78: 99000000
A79: SC 2 | J79: 0 | K79: 74995000 | L79: 95279609 | M79: 24999101 | N79: 74997184
A80: SC 3 | J80: 10000000 | K80: 13300000 | L80: 3440000 | M80: 16043250 | N80: 40869207
A81: SC 4 | J81: 90325000 | K81: 7250000 | L81: 5275000 | M81: 0 | N81: 38530714
A82: SC 5 | J82: 0 | K82: 0 | L82: 85850000 | M82: 0 | N82: 58500000
A83: SC 6 | J83: 361535000 | K83: 45000000 | L83: 4.4551032e+08 | M83: 358800000 | N83: 658300000
A84: CF | J84: 951896000 | K84: 1135180000 | L84: 1.5289097e+09 | M84: 1.7349205e+09 | N84: 1043014493
K85: 1.3815675e+09 | L85: 2230407180 | M85: 2189427660 | N85: 2.0132116e+09
K87: -1.0072608e+09 | L87: 0 | M87: 0 | N87: -18660702
E90: 4.3250528e+09 | F90: 1.7132149e+09 | G90: 2.6449027e+09 | H90: 1511242012 | I90: 2.0857251e+09 | J90: 2994413621 | K90: 2.8383328e+09 | L90: 2.1063295e+09 | M90: 1.2924094e+09 | N90: 1.2115603e+09 | O90: 1.9766794e+09 | P90: 2.0616054e+09 | Q90: 1.6579378e+09
E91: 2.2723183e+10 | F91: 2.037481e+10
A95: CF Abandoned (2017) | B95: ='2017 CF'!M12+'2017 CF'!M21+'2017 CF'!M26 -> 82005056
A96: CF used (17/18/19) | B96: ='2017 CF'!L12+'2017 CF'!L26+'2018 CF'!L14+'2018 CF'!L31+'2018 CF'!L37+'2018 CF'!L48+'2019 CF'!L18+'2019 CF'!L40+'2019 CF'!L65+'2019 CF'!L70 -> 2.1606541e+09
A97: CF Available (18/19) | B97: ='2018 CF'!M14+'2018 CF'!M31+'2018 CF'!M37+'2018 CF'!M48+'2019 CF'!M18+'2019 CF'!M40+'2019 CF'!M65+'2019 CF'!M70 -> 1.1333317e+09
A98: 2020NTCF | B98: ='2020 CF'!M41+'2020 CF'!M76+'2020 CF'!M81 -> 1748704688
A99: 2020TCF | B99: ='2020 CF'!F24 -> 96023000
A100: 2020 Total CF | B100: =SUM(B98:B99) -> 1.8447277e+09
A101: 2020 Allocation | B101: ='Aug 15'!N50+'SC1 MRB'!N20+'SC2 State Voted'!L9+'SC3 Small Issue IDBs'!L11+'SC4 TSAHC'!L19+'SC4 MF- TDHCA'!L29+'SC4 MF- Local Collapse'!L44+'REGION 1'!L9+'REGION 2'!L8+'REGION 3'!L15+'REGION 4'!L8+'REGION 5'!L8+'REGION 6'!L16+'REGION 7'!L16+'REGION 8'!L8+'REGION 9'!L14+'REGION 10'!L8+'REGION 11'!L8+'REGION 12'!L9+'REGION 13'!L8+'SC5 OTHER'!L76 -> 1.1998398e+09
A103: All 2020 Allocation | B103: =B101+B100 -> 3044567505
A104: All Available in 2020 | B104: =B103+B97+B96+B95 -> 6.4205584e+09
